Workbook

Sheet Instructivo
C1: ASEGURAMIENTO SANITARIO | H1: REGISTROS SANITARIOS Y TRAMITES ASOCIADOS
C2: FORMATO ÚNICO DE ALIMENTOS REGISTROS SANITARIOS o PERMISO SANITARIO o NOTIFICACIÓN SANITARIA Y TRAMITES ASOCIADOS (Resolución 2674 de 2013, Resolución 3168 de 2015)
C3: Código: ASS-RSA-FM099 | G3: Versión: 08 | I3: Fecha de Emisión: 2024-06-30
A5: INSTRUCTIVO TRAMITES
A6: La información que se encuentra en este instructivo es explicativa de algunas casillas de los formularios identificados con números referidos a nota de pie.
A7: 1 | B7: Documento de identidad : Indicar el número de Cédula de ciudadanía, cédula de extranjería, NIT, Matricula mercantil, etc. según corresponda.
A8: 2 | B8: Transacción Bancaria: Se realiza a través de la plataforma Trámites en línea - Pagos PSE.
A9: 3 | B9: Código de la tarifa: Verifique el valor según corresponda al trámite y condición del mismo, el cual se encuentra publicado en el app https://app.invima.gov.co/oficina_virtual documento Manual Tarifario
A10: 4 | B10: Poder: Si realiza su trámite a través de un apoderado, presente el correspondiente poder otorgado a un abogado (este debe ser con presentación personal ante notario. Si es otorgado en el exterior debe traer sello de apostille ó estar consularizado y refrendado ante el Ministerio de Relaciones Exteriores).
A11: 5 | B11: Modalidad: El registro sanitario, permiso sanitario o notificación sanitaria se otorga para: fabricar y vender, fabricar, envasar y vender; envasar y vender; importar y vender; importar, envasar y vender (acorde al artículo 45 de la Resolución 2674 de 2013)
A12: 6 | B12: Nombre del producto: Enuncie el nombre del producto de conformidad con lo establecido en el numeral 5.1 de la Resolución 5109 de 2005 del Ministerio de Protección Social. Si el producto tiene normatividad específica, debe indicar el nombre establecido en la misma
B13: Si realiza declaraciones nutricionales, consulte la Resolución 333 de 2011 o Resolución 810 de 2021 del Ministerio de Protección Social o norma que la modifique y aporte la información técnica que sustente dicha declaración.
A14: 7 | B14: Composición:
B15: - Relacione todos los ingredientes en orden decreciente de peso inicial (m/m) en el momento de la fabricación del alimento, funcionalidad de los aditivos alimentarios y concentraciones de los mismos (dosis máxima de uso DMU) en conformidad con las reglamentaciones vigentes, declare los aditivos con nombre genérico y específico.
B16: - Si el producto contiene un ingrediente compuesto indique la composición de éste entre paréntesis y en orden decreciente de peso inicial (m/m), con los aditivos alimentarios y su DMU (Dosis Máxima de Uso) si los contiene. Si el ingrediente compuesto tiene un nombre establecido en la legislación sanitaria vigente y constituye menos del 5% del alimento, declare únicamente los aditivos que cumplen una función tecnológica en el producto terminado.
B17: - No declare el agua u otros ingredientes volátiles que se evaporan durante la fabricación.
B18: - Para alimentos con declaraciones de propiedades nutricionales, propiedades de salud o declaración de nutrientes, tenga en cuenta la Resolución 333 de 2011 o la Resolución 810 de 2021 (a partir del 16 de diciembre de 2022), aportando información técnica (reportes analíticos) que los sustente.
B19: - Aporte composición cuantitativa para: Fórmulas para lactantes, alimentos enriquecidos, adicionados o fortificados, Bebidas Energizantes, Bebidas hidratantes y productos que contengan cafeína.
B20: NOTA:
B21: Los productos que presentan normatividad especifica deberán cumplir con los lineamientos establecidos por la norma, disposiciones sanitarias aplicables, tenga en cuenta los conceptos emitidos por la Comisión Revisora de la Sala Especializada de Alimentos y Bebidas.
B22: Los productos de que se categoricen como Alimentos de Propositos Médicos Especiales, deberán recibir su aprobación previa por parte de la Comisión Revisora de la Sala Especializada de Alimentos y Bebidas del INVIMA
A23: 8 | B23: Tipo y material de envase: Enuncie el tipo de envase por ejemplo: Botella, bolsa, envoltura, caja y el material de empaque y/o envase para lo cual debe consultar los reglamentos aplicables establecidos en la Resolución 683 de 2012, 4142 de 2012, 4143 de 2012.
A24: 9 | B24: Presentaciones comerciales: Declare en unidades del sistema Internacional de medidas el contenido del producto a comercializar en unidades de peso o volumen dependiendo del tipo de alimento (consulte el numeral 5.3 de la Resolución 5109 de 2005). Si el producto contiene líquido de cobertura declare peso neto y peso escurrido.
A25: 10 | B25: Presentaciones conjuntas de producto: Empaque secundario que contiene dos o más unidades de productos en empaque primario de diferente naturaleza, preenvasados individualmente y rotulados conjuntamente (tienen un único rotulado que relaciona los alimentos que lo componen), los cuales se complementan o mezclan para su consumo. Si esta presentación se comercializa durante la vigencia del registro, permiso o notificación deberá solicitar modificación al registro incluyendo esta variedad y en caso de ser temporalmente deberá solicitar el trámite de autorización.
A26: 11 | B26: Condiciones de Conservación: Indique las condiciones de conservación y almacenamiento del producto, que garantizan la vida útil estimada para el mismo, temperaturas de conservación.
A27: 12 | B27: Proceso de tratamiento (Procesamiento/ Elaboración): Enuncie el procesamiento del producto alimenticio, bien sea en forma descriptiva o a través de diagrama de flujo.
A28: 13 | B28: Vida Util de producto: Indique el tiempo de vida útil del producto y la forma en que se declarará su fecha de vencimiento
A29: 14 | B29: Declaraciones Nutricionales: Los valores de nutrientes que fundamenten las declaraciones de propiedades nutricionales o de salud deben ser sustentadas mediante la presentación de reporte analítico según numeral 8,4,2, de la Resolución 333 de 2011 o numeral 10.5 de la Resolución 810 de 2021 a partir del 16 de diciembre de 2022. Información de Rotulado Nutricional: Los valores de los nutrientes que figuren en la tabla de información nutricional deben ser valores promedios obtenidos de análisis de muestras o valores de una muestra que sean representativas del producto que ha de ser rotulado o etiquetado o tomados de la Tabla de Composición de Alimentos Colombianos deIICBF, o de publicaciones internacionales, o de otras fuentes de información tales como, especificaciones del contenido nutricional de ingredientes utilizados en la formulación del producto
A30: 15 | B30: Existencia y Representación Legal: El titular, fabricante, envasador o empacador e importador nacional, deberá encontrarse inscrito ante Comfecamaras, bien sea como persona jurídica o natural tanto para el titular, fabricante, empacador o importador, situación que se verificará por parte de los funcionarios en la base de datos que reposa en el RUES. "Nota: Se exceptúan de este requisito los fabricantes en el extranjero"
A31: 16 | B31: Certificado de Venta Libre (CVL) (Aplica para productos importados ): Este documento debe ser expedido por la autoridad sanitaria competente del país de origen, en el cual consta que el producto se vende libremente en ese país, es apto para el consumo humano y que el fabricante cumple con las normas sanitarias exigidas en ese país, con el respectivo sello de apostille o en su defecto sello de consularización (se hace en el país de origen) y legalización (se hace en el Ministerio de Relaciones Exteriores en Colombia). Si el documento proviene del exterior en idioma diferente al castellano, adicionalmente se debe adjuntar traducción oficial conforme con lo establecido en el Articulo 251 del Código General del Proceso. Tenga en cuenta que el certificado debe estar vigente al momento de la radicación.
A32: 17 | B32: Carta de autorización del fabricante al importador (Aplica para productos importados):En este documento se debe declarar que el fabricante AUTORIZA al importador para importar y comercializar productos alimenticios en Colombia, por otra parte en caso de que un tercero diferente al fabricante sea el titular del registro sanitario, permiso sanitario o notificación sanitaria, este documento deberá informar en forma expresa que AUTORIZA para importar y comercializar el producto en Colombia
A33: 18 | B33: Suscripcion del documento: El formulario deberá estar suscrito por el representante legal cuando se trate de persona jurídica o por el propietario del establecimiento de comercio cuando se trate de persona natural, o el respectivo apoderado legalmente constituido. La ficha técnica debe estar firmada por la persona responsable del producto.
A34: 19 | B34: Contrato de cesión: Documento suscrito por el Cesionario y el cedente debiendo aparecer claramente determinando el nombre del producto, número del registro sanitario, marca y expediente; además debe estar suscrito por las partes que intervienen en la cesión con la debida presentación ante notario.
... A48: 33 | B48: Comercialización productos SIN PROCESO DE TRANSFORMACIÓN con fines de EXPORTACION: Documento expedido por el Invima, que certifica que el producto se encuentra exento de Registro Sanitario, Permiso sanitario o Notificación Sanitaria (Según Articulo 37 de la Resolución 2674 de 2013) se comercializa en Colombia y se exporta a otros países.
B49: NOTA: Si requiere que el documento expedido se declare con el texto "certificación de libre venta para productos que no presentan obligatoriedad de registro sanitario o permiso sanitario, o notificación sanitaria de alimentos con fines de exportación" deberá solicitarlo a través del Memorial.
A50: 34 | B50: Comercialización de productos transformados con FINES DE EXPORTACION : Documento expedido por el Invima, que comunica que el producto no será comercializado en Colombia si no fuera del país.
B51: NOTA: Si requiere que el documento expedido se declare con el texto "certificación de libre venta para productos que no presentan obligatoriedad de registro sanitario o permiso sanitario, o notificación sanitaria de alimentos con fines de exportación" deberá solicitarlo a través del Memorial.
A52: 35 | B52: Certificación de No obligatoriedad según Ley 915 de 204: Documento expedido por el Invima únicamente para aquellos productos elaborados o importados que se comercialicen en el Archipielago de San Andrés - Islas.
A53: 36 | B53: Código de Inscripción de la fábrica: La fábrica deberá estar inscrita ante el Invima acorde a lo estipulado en el artículo 50 de la Resolución 2674 de 2013, en el cual se asignará un código a la planta de fabricación, en caso que no se haya realizado la inscripción deberá realizarse a traves de la plataforma de inscripción publicada en el app Oficina virtual
A54: 37 | B54: Modificación Automática Legal: Este tipo de trámite se concede únicamente para cambios relacinados con el nombre o razón social, dirección, domicilio, cesiones, adiciones o exclusiones de titulares, fabricantes, envasadores e importadores, o modalidad del Registro, Permiso o Notificación Sanitaria según lo establecido en la Resolución 2674 de 2013 modificada por la resolución 3168 de 2016.
A55: 38 | B55: Modificación Automática Técnica: Este tipo de trámite se concede para cambios relacionados con adición o cambio de variedades de producto, composición, marcas, presentaciones comerciales, tipo y material de envase, proceso de elaboración, vida útil, declaraciones nutricionales y en salud, entre otros aspectos técnicos. Adicionalmente en este trámite se pueden adicionar cambios legales.
A56: 39 | B56: Cambios Técnicos: En las Modificaciones Automáticas Técnicas se entiende como un (1) cambio técnico a cada adición o cambio específico e independiente por variedad que se realice en cada ítem; Por ejemplo: En una solicitud de adición o cambio de 2 variedades, 2 marcas comerciales y presentaciones comerciales se considera que hay 5 cambios técnicos.
A57: 40 | B57: Etiquetas o empaque en Inventario: Aplica cuando se necesite renovar el Registro Sanitario de un producto concedido bajo el Decreto 3075 de 1997, debiendo informar el número total de etiquetas y/o material de empaque que tenga en inventario y en el mercado, no se aceptan número de rollos o peso de etiquetas.
A58: 41 | B58: Autorización de rotulado general y nutricional: Este tipo de trámite se realiza a petición del titular del registro, permiso o notificación sanitaria con el fin de verificar la conformidad de las etiquetas frente a la Resolución 5109 de 2005(Rotulado General) y Resolución 333 de 2011 (Resolución 333 de 2011) o las normas que la sustituyan. mejor dejar Resolución 810 de 2021 o las normas que la sustituyan
A59: 42 | B59: Autorización de agotamiento de etiqueta y uso de adhesivos: Este tipo de trámite se realiza a petición del titular del registro, permiso o notificación sanitaria de acuerdo con lo establecido en el Artículo 18 de la Resolución 5109 de 2005, cuando se presente incumplimiento con la normatividad de rotulado general y/o rotulado nutricional conforme a lo establecido en la Resoluciòn 2016028087 de 2016
A60: AVISOS IMPORTANTES:
A61: Conforme lo dispuesto por la Resolución 2674 de 2013 Artículos 39 y 41, si el trámite corresponde a una renovación de registro sanitario, permiso sanitario o notificación sanitaria tenga en cuenta que : “El interesado deberá presentar con tres (3) meses de antelación a la fecha de su vencimiento la solicitud de la renovación del registro sanitario, permiso sanitario o notificación sanitaria”
A62: Si el Registro, Permiso o Notificación Sanitaria ha sido suspendido en el ejercicio de la revisión posterior (Resolución 2674 de 2013 modificado por la Resolución 3168 de 2015 del Ministerio de Salud y Protección Social y Resolución 2016008980 de 2015 expedida por el Invima), el interesado tendrá tres (3) meses para presentar respuesta satisfactoria a dicha suspensión so pena a la Cancelación del Registro, Permiso, Notificación o Modificación Automática.
A63: PARA SER DIRECCIONADO AL FORMULARIO DE INFORMACION BASICA MARQUE AQUÍ.

Sheet Información Básica
C1: =Instructivo!C1 -> ASEGURAMIENTO SANITARIO | I1: =Instructivo!H1 -> REGISTROS SANITARIOS Y TRAMITES ASOCIADOS | M1: √
C2: =Instructivo!C2 -> FORMATO ÚNICO DE ALIMENTOS REGISTROS SANITARIOS o PERMISO SANITARIO o NOTIFICACIÓN SANITARIA Y TRAMITES ASOCIADOS (Resolución 2674 de 2013, Resolución 3168 de 2015)
C3: =Instructivo!C3 -> Código: ASS-RSA-FM099 | H3: =Instructivo!G3 -> Versión: 08 | J3: =Instructivo!I3 -> Fecha de Emisión: 2024-06-30
A5: FORMULARIO DE INFORMACION BASICA
A6: (Obligatorio para todos los trámites)
A7: Para mayor información consulte el Formato "Instructivo" para facilitar el diligenciamiento de este formulario
A8: AUTORIZO AL INVIMA A REALIZAR LA NOTIFICACIÓN DE MANERA ELECTRÓNICA DE ACUERDO CON LOS ARTÍCULOS 54 Y 56 DE LA LEY 1437 DE 2011 AL CORREO ELECTRÓNICO SUMINISTRADO EN ESTE FORMULARIO
C11: Correo electrónico de notificación:
A13: Ver condiciones
A15: RECUERDE QUE:
A16: DEBERÁ ALLEGAR LA INFORMACIÓN EN FISICO Y EN MEDIO MAGNETICO (CD) EN FORMATO WORD Y/O EXCELL EDITABLE
A17: AVISO IMPORTANTE: Diligencie el correo electrónico activo en el campo establecido; sin esta información no se podrá radicar el trámite.
A18: Presente su documentación legajada en carpeta de color blanco, los formularios debe venir sin tachaduras ni enmendaduras y debidamente foliada (numerada).
A19: Si requiere presentar información mediante anexos, indique el número de folios.
A20: Diligencie los formularios con letra clara y legible con tinta de color negro, en computador o máquina de escribir en los espacios sombreados | P20: ANTIOQUIA
A21: Tenga en cuenta que algunos campos tienen listas desplegables para selección. | P21: ATLANTICO
A22: 1. DATOS GENERALES DEL TITULAR | P22: BOGOTA
A23: Nombre o razón social: | P23: BOLIVAR
A24: Documento de Identidad: | E24: NIT | H24: Nº: | P24: BOYACA
A25: Dirección: | H25: Ciudad: | P25: CALDAS
A26: Departamento: | C26: BOGOTA | H26: Pais: | P26: CAQUETA
A27: Calidad del Responsable: | H27: Nombre: | P27: CAUCA
A28: Nº Cédula de Ciudadanía: | G28: Nº Cédula de Extranjeria: | P28: CESAR
A29: Dirección para de correspondencia: | P29: CORDOBA
A30: Ciudad: | F30: Departamento: | P30: CUNDINAMARCA
A31: Email (24) | H31: Teléfono(s): | P31: CHOCO
A32: 2. DATOS DEL RESPONSABLE DE LA TRANSACCION BANCARIA (2) | P32: HUILA
A33: Nombre o razón social: | P33: LA GUAJIRA
A34: Dirección: | H34: Documento de identidad (1) | P34: MAGDALENA
A35: Departamento: | E35: Ciudad: | H35: Teléfono(s): | P35: META
A36: 3. TIPO DE TRAMITE: (Seleccione con una X en la casilla que corresponda) | P36: ARAUCA
C37: Registro Sanitario Nuevo (30) | H37: Renovación del Registro Sanitario | P37: CASANARE
C38: Permiso Sanitario nuevo (29) | H38: Renovación del Permiso Sanitario | P38: PUTUMAYO
C39: Notificación sanitaria Nuevo (28) | H39: Renovación de la Notificación Sanitaria | P39: SAN ANDRES
C40: Autorización | H40: Desglose de documentos | P40: AMAZONAS
C41: Modificación Automática Legal | H41: Pérdida de fuerza ejecutoria | P41: GUAINIA
C42: Modificación Automática Técnica | H42: Anexo Formato Ficha Técnica | P42: GUAVIARE
C43: Certificaciones | P43: VAUPES
P44: VICHADA
A45: Código de tarifa (3) | H45: Valor ($): | P45: NARIÑO
P46: N. DE SANTANDER
A47: Recibo de pago original | F47: Soporte de pago | P47: QUINDIO
P48: RISARALDA
A49: Si existe cesión por derechos de uso de una tasa (tarifa) que no figure a nombre del titular declarado, adjunte el documento | P49: SANTANDER
A50: Aporta soporte que lo sustente: | G50: SI | I50: NO | K50: Folios | P50: SUCRE
P51: TOLIMA
A52: Autorización de uso de la tasa (tarifa) de un tercero al titular: | G52: SI | I52: NO | P52: VALLE DEL CAUCA
A53: 4. DATOS APODERADO (opcional)(4)
A54: Nombre:
A55: Número de Tarjeta profesional: | G55: Cédula de ciudadania No.:
A56: Dirección: | F56: Ciudad: | I56: Departamento:
A57: Email: | H57: Teléfono(s):
A59: NIT | F59: Propietario
A60: CEDULA DE CIUDADANIA | F60: Representante Legal
A61: CEDULA DE EXTRANJERIA
A62: MATRICULA MERCANTIL

Sheet Notificacion Electrónica
C1: =+Instructivo!C1 -> ASEGURAMIENTO SANITARIO | H1: =+Instructivo!H1 -> REGISTROS SANITARIOS Y TRAMITES ASOCIADOS
C2: =Instructivo!C2 -> FORMATO ÚNICO DE ALIMENTOS REGISTROS SANITARIOS o PERMISO SANITARIO o NOTIFICACIÓN SANITARIA Y TRAMITES ASOCIADOS (Resolución 2674 de 2013, Resolución 3168 de 2015)
C3: =Instructivo!C3 -> Código: ASS-RSA-FM099 | G3: =Instructivo!G3 -> Versión: 08 | I3: =Instructivo!I3 -> Fecha de Emisión: 2024-06-30
G5: FORMATO ÚNICO PARA NOTIFICACION ELECTRONICA DE SOLICITUDES DE EXPEDICIÓN O RENOVACIÓN
G6: DE REGISTRO SANITARIO PARA ALIMENTOS Y BEBIDAS
A8: “Los datos personales suministrados en el presente formulario serán tratados conforme a la “política de tratamiento y protección de datos personales GDI-DIE-PL018"
A10: Respetado Usuario: La Notificación es el medio a través del cual se ponen en conocimiento del interesado los actos de carácter particular. Tiene como finalidad garantizar el conocimiento de las actuaciones administrativas y de su desarrollo de tal forma que se garanticen los principios de publicidad y contradicción La ley 1437 de 2011 “Por la cual se expide el Código de Procedimiento Administrativo y de lo Contencioso Administrativo”, en su artículo 56 señala que las autoridades podrán notificar sus actos a través de medios electrónicos, siempre que el administrado haya aceptado este medio de notificación, agregando, que la notificación quedará surtida a partir de la fecha y hora en que el administrado acceda al acto administrativo, fecha y hora que deberá certificar la administración. Por otra parte, a través del Decreto 2693 de 2012 "Por el cual se establecen los lineamientos generales de la estrategia de Gobierno en línea de la República de Colombia, se reglamentan parcialmente las Leyes 1341 de 2009 y 1450 de 2011, y se dictan otras disposiciones" se busca el máximo aprovechamiento de las Tecnologías de la Información y las Comunicaciones, con el fin de contribuir con la construcción de un Estado más eficiente, más transparente y participativo y que preste mejores servicios con la colaboración de toda la sociedad. Con el propósito de efectivizar este mandato legal y dar cumplimiento a las normativas señaladas, el Invima viene implementando el sistema de notificación electrónica de los actos administrativos, a través del cual se pretende agilizar el trámite de las actuaciones administrativas, prestando de esta manera un mejor y más eficiente servicio a los usuarios, en la medida que no tienen que desplazarse hasta la entidad a conocer las decisiones que se adelantan dentro del trámite. Términos y condiciones de uso de la notificación electrónica: Si usted en calidad de usuario suscribe el presente documento aceptando ser notificado a través de correo electrónico, conoce y acepta además las siguientes condiciones de uso: • Usted suministra a la administración una dirección de correo electrónico (a la cual desea le sean remitidos los correos de notificación), la cual se presume propia y utilizada directamente por usted, por lo que en ningún caso podrá alegar con posterioridad el desconocimiento de los actos notificados por operaciones en el buzón delegadas a terceros. • El Invima envía a la dirección electrónica suministrada una comunicación mediante la cual remite el acto administrativo adjuntando el documento en formato PDF. • Los términos de interposición de recursos y de ejecutoria del acto administrativo se empezarán a contar a partir del día siguiente en que el mensaje electrónico haya sido dispuesto en la bandeja de entrada del correo del usuario. • Obligaciones del usuario: - Revisar continuamente y de manera directa su correo electrónico. - Informar a la Entidad de forma escrita o por el correo electrónico correccionemail@invima.gov.co del INVIMA, cuando decida cambiar la dirección electrónica registrada, debe indicar el número del radicado y el nuevo correo electrónico. Este requerimiento lo debe solicitar el representante legal o apoderado del mismo. - Informar de manera inmediata al Instituto cualquier inconveniente relacionado con la recepción o apertura del correo o documento mediante el cual se realiza la notificación electrónica. En tal caso el error o defecto deberá reportarse al correo ayudavirtual@invima.gov.co indicando el inconveniente y reenviando el mensaje de datos remitido por la entidad.

Sheet Solicitud Registro Sanitario
C1: =Instructivo!C1 -> ASEGURAMIENTO SANITARIO | I1: =Instructivo!H1 -> REGISTROS SANITARIOS Y TRAMITES ASOCIADOS | O1: √
C2: =Instructivo!C2 -> FORMATO ÚNICO DE ALIMENTOS REGISTROS SANITARIOS o PERMISO SANITARIO o NOTIFICACIÓN SANITARIA Y TRAMITES ASOCIADOS (Resolución 2674 de 2013, Resolución 3168 de 2015)
C3: =Instructivo!C3 -> Código: ASS-RSA-FM099 | H3: =Instructivo!G3 -> Versión: 08 | J3: =Instructivo!I3 -> Fecha de Emisión: 2024-06-30
A6: FORMULARIO DE EXPEDICION DE REGISTRO SANITARIO O PERMISO SANITARIO O NOTIFICACION SANITARIA FORMULARIO UNICO DE RENOVACION DE PRODUCTOS ALIMENTICIOS
A8: RECUERDE QUE:
A9: DEBERÁ ALLEGAR LA INFORMACIÓN EN FISICO Y EN MEDIO MAGNETICO (CD) EN FORMATO WORD Y/O EXCELL EDITABLE
A10: TENGA EN CUENTA : Para mayor información consulte el formato "Instructivo de trámites", en donde aparece indicado como debe diligenciar este formulario en los campos que se encuentran numerados según las disposiciones contempladas en la Resolución 2674 de 2013 Artículo 38, 40 modificado por la Resolución 3168 de 2015)
A11: Presente la documentación en carpeta blanca legajada y foliada (numerada), en carpeta blanca, diligencie , verifique la normatividad sanitaria aplicable a su producto y las disposiciones establecidas en la Resolución 2674 de 2013 modificada por la Resolución 3168 de 2015 y Resolución 719 de 2015.
A12: Diligencie los espacios sombreados según corresponda, sin tachaduras ni enmendaduras con letra clara y legible, con tinta de color negro, en computador o máquina de escribir.
A13: Existen algunos campos que tienen listas desplegables
A15: De conformidad con lo dispuesto en el artículo 50 de la Resolución 2674 de 2013, indique el código de asignación de inscripción de la fábrica ( Ver numeral 36 del Instructivo de trámites)
A17: Si no se encuentra inscrito realícelo a través de la pagina web www.invima.gov.co en la ruta: Alimentos y Bebidas/Otros Alimentos y Bebidas/Formatos tramites guias -Otros Alimentos y Bebidas/Formato ûnico de inscripcion de establecimientos y bebidas Web.
A20: INFORMACIÓN PARA RENOVACIONES A LA NORMATIVIDAD VIGENTE (RESOLUCION 2674 DE 2013)
A21: Diligencie la información solicitada
A22: Número de expediente
... A30: INFORMACION TARIFA
A31: Tipo de trámite | C31: Registro Sanitario de Alimentos de Alto Riesgo (Tarifa diferenciada al 90%) (De 21 variedades en adelante) | H31: Descripcion
H33: =VLOOKUP(C31,'IO3'!A3:F26,2,FALSE) -> Registro Sanitario de Alimentos de Alto Riesgo (Variedades de 1 a 10) (Mas 57,30 UVB Variedades de 11 a 20) o (Mas 152,85 UVB Variedades de 21 en adelante). Tarifa Diferenciada del 90% en el marco del parágrafo 1 del Art. 2 de la Ley 2069 de 2020 y del artículo 5 del Decreto 1889 de 2021. Aplicable a mediana empresa cuyos ingresos por actividades ordinarias anuales sean superiores a Sector Manufactura 1.226.041 e inferiores o iguales a 1.736.565 UVT Sector comercio 1.584.194 e inferiores o iguales a 2.160.692 UVT Sector servicios 366.007 e inferiores o iguales a 483.034 UVT
A38: Codigo de la tarifa | B38: =VLOOKUP(C31,'IO3'!A3:F26,4,FALSE) -> 92114 | D38: UVB | E38: =VLOOKUP(C31,'IO3'!A3:F26,5,FALSE) -> 783.26
D40: VALOR | E40: =VLOOKUP(C31,'IO3'!A3:F26,6,FALSE) -> 8577480
A42: 1. DATOS DEL PRODUCTO
A43: Modalidad del Registro Sanitario (Ver numeral 5 del instructivo): | I43: Seleccione
A45: Nombre del producto (Ver numeral 6 del Instructivo ): (Nota: si el nombre es muy extenso, indicarlo en una hoja anexa al formulario y debe ser igual al declarado en la ficha técnica)
A47: Marca(s) Ver numeral (23) del Instructivo de trámites: (Nota: Si los términos marcarios exceden el espacio del campo indicarlo en una hoja anexa al formulario, debiendo coincidir con lo declarado en la Ficha Técnica)
A50: 1. INFORMACION GENERAL
A52: TITULAR (es) | F52: NIT | H52: TELEFONO | I52: UBICACIÓN (DIRECCIÓN/CIUDAD/PAIS)
A56: FABRICANTE (es) | F56: NIT | H56: TELEFONO | I56: UBICACIÓN (DIRECCIÓN/CIUDAD/PAIS)
A61: ENVASADOR (es) | F61: NIT | H61: TELEFONO | I61: UBICACIÓN (DIRECCIÓN/CIUDAD/PAIS)
A64: IMPORTADOR (es) | F64: NIT | H64: TELEFONO | I64: UBICACIÓN (DIRECCIÓN/CIUDAD/PAIS)
A69: Nota: Adicione una linea para incluir otro importador y/o fabricante
A70: 2. DOCUMENTACION SOPORTE (orden de foliado) Allegar documentación debidamente foliada (enumerada) tomando como primer folio la consignación, los documentos deben venir foliados (numerados) en la parte superior derecha de la hoja y archivados en carpeta blanca con gancho legajador plástico. Si requiere presentar información mediante anexos, indique el número correspondiente del folio
A71: PRODUCTOS NACIONALES | H71: PRODUCTOS IMPORTADOS
A72: 1, Recibo de pago (consignación original) o constancia de la consignación (Ver numeral 2-3 del Instructivo) | H72: 1, Recibo de pago (consignación original) o constancia de la consignación (Ver numeral 2-3 del Instructivo)
A73: 2, Formulario de información básica y formulario de expedición de registro sanitario/ permiso sanitario / notificación sanitaria debidamente diligenciado | H73: 2, Formulario de información básica y formulario de expedición de registro sanitario/ permiso sanitario / notificación sanitaria debidamente diligenciado
A74: 3, Ficha técnica por variedad de producto(Ver numeral 6, 7, 8, 9, 11, 12, 13, 14 (opcional), 25, 26, 27 del instructivo); es necesario que si el producto usa "aditivos alimentarios" debe informar el DMU (Dosis máxima de uso) - consulte la normatividad sanitaria vigente en materia de uso de Aditivos Alimentarios. Tenga en cuenta que dentro de la información soporte del Registro Sanitario, Permiso Sanitario o Notificación Sanitaria, no se contempla lo relativo a tablas nutricionales y etiquetas, razón por la cual, si dado el caso se adjunta esta información, la Administración no emitirá pronunciamiento al respecto. | H74: 3, Ficha técnica por variedad de producto (Ver numerales 6, 7, 8, 9, 11, 12, 13, 14 (opcional), 25, 26, 27 del instructivo) es necesario que si el producto usa "aditivos alimentarios" debe informar el DMU (Dosis máxima de uso) - consulte la normatividad sanitaria vigente en materia de uso de Aditivos Alimentarios. Tenga en cuenta que dentro de la información soporte del Registro Sanitario, Permiso Sanitario o Notificación Sanitaria, no se contempla lo relativo a tablas nutricionales y etiquetas, razón por la cual, si dado el caso se adjunta esta información, la Administración no emitirá pronunciamiento al respecto.
A75: 4, Poder para actuar, si actúa mediante apoderado (Ver numeral 4 del instructivo) | H75: 4, Certificado de venta libre del país de orígen (Ver numeral 16 del instructivo)
H76: 5, Carta de autorización del fabricante al importador (Ver numeral 17 del instructivo)
H77: 6, Poder para actuar, si actúa mediante apoderado (Ver numeral 4 del instructivo)
A78: Declaro que conozco y acato los reglamentos sanitarios vigentes que regulan las condiciones sanitarias de las fábricas de productos alimenticios y del producto para el cual solicito el Registro Sanitario / Permiso Sanitario / Notificación Sanitaria.
A80: Firma: (19) | J80: C.C.
C81: Representante legal Apoderado
A83: Nombre: | J83: C.C.
C84: Representante legal Apoderado
A88: FABRICAR Y VENDER
A89: FABRICAR, ENVASAR Y VENDER
A90: IMPORTAR Y VENDER
A91: IMPORTAR, ENVASAR Y VENDER
A92: ENVASAR Y VENDER
A93: EMPACAR Y VENDER

Sheet Solicitud Permiso Sanitario
C1: =Instructivo!C1 -> ASEGURAMIENTO SANITARIO | I1: =Instructivo!H1 -> REGISTROS SANITARIOS Y TRAMITES ASOCIADOS | O1: √
C2: =Instructivo!C2 -> FORMATO ÚNICO DE ALIMENTOS REGISTROS SANITARIOS o PERMISO SANITARIO o NOTIFICACIÓN SANITARIA Y TRAMITES ASOCIADOS (Resolución 2674 de 2013, Resolución 3168 de 2015)
C3: =Instructivo!C3 -> Código: ASS-RSA-FM099 | H3: =Instructivo!G3 -> Versión: 08 | J3: =Instructivo!I3 -> Fecha de Emisión: 2024-06-30
A6: FORMULARIO DE EXPEDICION DE REGISTRO SANITARIO O PERMISO SANITARIO O NOTIFICACION SANITARIA FORMULARIO UNICO DE RENOVACION DE PRODUCTOS ALIMENTICIOS
A8: RECUERDE QUE:
A9: DEBERÁ ALLEGAR LA INFORMACIÓN EN FISICO Y EN MEDIO MAGNETICO (CD) EN FORMATO WORD Y/O EXCELL EDITABLE
A10: TENGA EN CUENTA : Para mayor información consulte el formato "Instructivo de trámites", en donde aparece indicado como debe diligenciar este formulario en los campos que se encuentran numerados según las disposiciones contempladas en la Resolución 2674 de 2013 Artículo 38, 40 modificado por la Resolución 3168 de 2015)
A11: Presente la documentación en carpeta blanca legajada y foliada (numerada), en carpeta blanca, diligencie , verifique la normatividad sanitaria aplicable a su producto y las disposiciones establecidas en la Resolución 2674 de 2013 modificada por la Resolución 3168 de 2015 y Resolución 719 de 2015.
A12: Diligencie los espacios sombreados según corresponda, sin tachaduras ni enmendaduras con letra clara y legible, con tinta de color negro, en computador o máquina de escribir.
A13: Existen algunos campos que tienen listas desplegables
A15: De conformidad con lo dispuesto en el artículo 50 de la Resolución 2674 de 2013, indique el código de asignación de inscripción de la fábrica ( Ver numeral 34 del Instructivo de trámites)
A17: Si no se encuentra inscrito realícelo a través de la pagina web www.invima.gov.co en la ruta: Alimentos y Bebidas/Otros Alimentos y Bebidas/Formatos tramites guias -Otros Alimentos y Bebidas/Formato ûnico de inscripcion de establecimientos y bebidas Web.
A19: INFORMACIÓN PARA RENOVACIONES A LA NORMATIVIDAD VIGENTE (RESOLUCION 2674 DE 2013)
A20: Diligencie la información solicitada
A21: Número de expediente
... A29: INFORMACION TARIFA
A30: Tipo de trámite | C30: Permiso Sanitario de Alimentos de Mediano Riesgo (Desde 21 variedades en adelante) Tarifa Exceptuada | H30: Descripcion
H32: =VLOOKUP(C30,'IO3'!A28:F33,2,FALSE) -> Aplicable a las microempresas definidas en el Decreto 957 de 2019 o la norma que lo modifique o sustituya y las cooperativas, las asociaciones mutuales y las asociaciones agropecuarias, étnicas y campesinas. Exceptuada de pago, en el marco de la resolución 2128 del 2023 “Por la cual se reglamenta el parágrafo 2° del artículo 9° de la Ley 399 de 1997 modificado por el artículo 2° de la Ley 2069 de 2020”.
A37: Codigo de la tarifa | B37: =VLOOKUP(C30,'IO3'!A28:F33,4,FALSE) -> 90140 | D37: UVB | E37: =VLOOKUP(C30,'IO3'!A28:F33,5,FALSE) -> 0
D39: VALOR | E39: =VLOOKUP(C30,'IO3'!A28:F33,6,FALSE) -> 0
A41: 1. DATOS DEL PRODUCTO
A42: Modalidad del Permiso Sanitario (Ver numeral 5 del instructivo): | I42: Seleccione
A44: Nombre del producto (Ver numeral 6 del Instructivo ): (Nota: si el nombre es muy extenso, indicarlo en una hoja anexa al formulario y debe ser igual al declarado en la ficha técnica)
A46: Marca(s) Ver numeral (23) del Instructivo de trámites: (Nota: Si los términos marcarios exceden el espacio del campo indicarlo en una hoja anexa al formulario, debiendo coincidir con lo declarado en la Ficha Técnica)
A49: 1. INFORMACION GENERAL
A51: TITULAR (es) | F51: NIT | H51: TELEFONO | I51: UBICACIÓN (DIRECCIÓN/CIUDAD/PAIS)
A55: FABRICANTE (es) | F55: NIT | H55: TELEFONO | I55: UBICACIÓN (DIRECCIÓN/CIUDAD/PAIS)
A60: ENVASADOR (es) | F60: NIT | H60: TELEFONO | I60: UBICACIÓN (DIRECCIÓN/CIUDAD/PAIS)
A63: IMPORTADOR (es) | F63: NIT | H63: TELEFONO | I63: UBICACIÓN (DIRECCIÓN/CIUDAD/PAIS)
A68: Nota: Adicione una linea para incluir otro importador y/o fabricante
A69: 2. DOCUMENTACION SOPORTE (orden de foliado) Allegar documentación debidamente foliada (enumerada) tomando como primer folio la consignación, los documentos deben venir foliados (numerados) en la parte superior derecha de la hoja y archivados en carpeta blanca con gancho legajador plástico. Si requiere presentar información mediante anexos, indique el número correspondiente del folio
A70: PRODUCTOS NACIONALES | H70: PRODUCTOS IMPORTADOS
A71: 1, Recibo de pago (consignación original) o constancia de la consignación (Ver numeral 2-3 del Instructivo) | H71: 1, Recibo de pago (consignación original) o constancia de la consignación (Ver numeral 2-3 del Instructivo)
A72: 2, Formulario de información básica y formulario de expedición de registro sanitario/ permiso sanitario / notificación sanitaria debidamente diligenciado | H72: 2, Formulario de información básica y formulario de expedición de registro sanitario/ permiso sanitario / notificación sanitaria debidamente diligenciado
A73: 3, Ficha técnica por variedad de producto(Ver numeral 6, 7, 8, 9, 11, 12, 13, 14 (opcional), 25, 26, 27 del instructivo); es necesario que si el producto usa "aditivos alimentarios" debe informar el DMU (Dosis máxima de uso) - consulte la normatividad sanitaria vigente en materia de uso de Aditivos Alimentarios. Tenga en cuenta que dentro de la información soporte del Registro Sanitario, Permiso Sanitario o Notificación Sanitaria, no se contempla lo relativo a tablas nutricionales y etiquetas, razón por la cual, si dado el caso se adjunta esta información, la Administración no emitirá pronunciamiento al respecto. | H73: 3, Ficha técnica por variedad de producto (Ver numerales 6, 7, 8, 9, 11, 12, 13, 14 (opcional), 25, 26, 27 del instructivo) es necesario que si el producto usa "aditivos alimentarios" debe informar el DMU (Dosis máxima de uso) - consulte la normatividad sanitaria vigente en materia de uso de Aditivos Alimentarios. Tenga en cuenta que dentro de la información soporte del Registro Sanitario, Permiso Sanitario o Notificación Sanitaria, no se contempla lo relativo a tablas nutricionales y etiquetas, razón por la cual, si dado el caso se adjunta esta información, la Administración no emitirá pronunciamiento al respecto.
A74: 4, Poder para actuar, si actúa mediante apoderado (Ver numeral 4 del instructivo) | H74: 4, Certificado de venta libre del país de orígen (Ver numeral 16 del instructivo)
H75: 5, Carta de autorización del fabricante al importador (Ver numeral 17 del instructivo)
H76: 6, Poder para actuar, si actúa mediante apoderado (Ver numeral 4 del instructivo)
A77: Declaro que conozco y acato los reglamentos sanitarios vigentes que regulan las condiciones sanitarias de las fábricas de productos alimenticios y del producto para el cual solicito el Registro Sanitario / Permiso Sanitario / Notificación Sanitaria.
A79: Firma: (19) | J79: C.C.
C80: Representante legal Apoderado
A82: Nombre: | J82: C.C.
C83: Representante legal Apoderado
A87: FABRICAR Y VENDER
A88: FABRICAR, ENVASAR Y VENDER
A89: IMPORTAR Y VENDER
A90: IMPORTAR, ENVASAR Y VENDER
A91: ENVASAR Y VENDER
A92: EMPACAR Y VENDER

Sheet Solicitud Notificacion Sanitari
C1: =Instructivo!C1 -> ASEGURAMIENTO SANITARIO | I1: =Instructivo!H1 -> REGISTROS SANITARIOS Y TRAMITES ASOCIADOS | O1: √
C2: =Instructivo!C2 -> FORMATO ÚNICO DE ALIMENTOS REGISTROS SANITARIOS o PERMISO SANITARIO o NOTIFICACIÓN SANITARIA Y TRAMITES ASOCIADOS (Resolución 2674 de 2013, Resolución 3168 de 2015)
C3: =Instructivo!C3 -> Código: ASS-RSA-FM099 | H3: =Instructivo!G3 -> Versión: 08 | J3: =Instructivo!I3 -> Fecha de Emisión: 2024-06-30
A6: FORMULARIO DE EXPEDICION DE REGISTRO SANITARIO O PERMISO SANITARIO O NOTIFICACION SANITARIA FORMULARIO UNICO DE RENOVACION DE PRODUCTOS ALIMENTICIOS
A8: RECUERDE QUE:
A9: DEBERÁ ALLEGAR LA INFORMACIÓN EN FISICO Y EN MEDIO MAGNETICO (CD) EN FORMATO WORD Y/O EXCELL EDITABLE
A10: TENGA EN CUENTA : Para mayor información consulte el formato "Instructivo de trámites", en donde aparece indicado como debe diligenciar este formulario en los campos que se encuentran numerados según las disposiciones contempladas en la Resolución 2674 de 2013 Artículo 38, 40 modificado por la Resolución 3168 de 2015)
A11: Presente la documentación en carpeta blanca legajada y foliada (numerada), en carpeta blanca, diligencie , verifique la normatividad sanitaria aplicable a su producto y las disposiciones establecidas en la Resolución 2674 de 2013 modificada por la Resolución 3168 de 2015 y Resolución 719 de 2015.
A12: Diligencie los espacios sombreados según corresponda, sin tachaduras ni enmendaduras con letra clara y legible, con tinta de color negro, en computador o máquina de escribir.
A13: Existen algunos campos que tienen listas desplegables
A15: De conformidad con lo dispuesto en el artículo 50 de la Resolución 2674 de 2013, indique el código de asignación de inscripción de la fábrica ( Ver numeral 34 del Instructivo de trámites)
A17: Si no se encuentra inscrito realícelo a través de la pagina web www.invima.gov.co en la ruta: Alimentos y Bebidas/Otros Alimentos y Bebidas/Formatos tramites guias -Otros Alimentos y Bebidas/Formato ûnico de inscripcion de establecimientos y bebidas Web.
A20: INFORMACIÓN PARA RENOVACIONES A LA NORMATIVIDAD VIGENTE (RESOLUCION 2674 DE 2013)
A21: Diligencie la información solicitada
A22: Número de expediente
... A30: INFORMACION TARIFA
A31: Tipo de trámite | C31: Notificación Sanitaria de Alimentos "NSA" de Bajo Riesgo (Desde 21 variedades en adelante) Tarifa Exceptuada | H31: Descripcion
H33: =VLOOKUP(C31,'IO3'!A36:F41,2,FALSE) -> Aplicable a microempresas, incluyendo los pequeños productores de acuerdo con la tipificación actual en el marco del Decreto 691 de 2018 y a las microempresas definidas en el Decreto 957 de 2019 o la norma que lo modifique o sustituya y las cooperativas, las asociaciones mutuales y las asociaciones agropecuarias, étnicas y campesinas. Exceptuada de pago, en el marco del parágrafo 2 del Art. 2 de Ley 2069 de 2020 y de la Resolución 2128 del 2023.
A38: Codigo de la tarifa | B38: =VLOOKUP(C31,'IO3'!A36:F41,4,FALSE) -> 90141 | D38: UVB | E38: =VLOOKUP(C31,'IO3'!A36:F42,5,FALSE) -> 0
D40: VALOR | E40: =VLOOKUP(C31,'IO3'!A36:F42,6,FALSE) -> 0
A42: 1. DATOS DEL PRODUCTO
A43: Modalidad de la Notificaciòn Sanitaria (Ver numeral 5 del instructivo): | I43: Seleccione
A45: Nombre del producto (Ver numeral 6 del Instructivo ): (Nota: si el nombre es muy extenso, indicarlo en una hoja anexa al formulario y debe ser igual al declarado en la ficha técnica)
A47: Marca(s) Ver numeral (23) del Instructivo de trámites: (Nota: Si los términos marcarios exceden el espacio del campo indicarlo en una hoja anexa al formulario, debiendo coincidir con lo declarado en la Ficha Técnica)
A50: 1. INFORMACION GENERAL
A52: TITULAR (es) | F52: NIT | H52: TELEFONO | I52: UBICACIÓN (DIRECCIÓN/CIUDAD/PAIS)
A56: FABRICANTE (es) | F56: NIT | H56: TELEFONO | I56: UBICACIÓN (DIRECCIÓN/CIUDAD/PAIS)
A61: ENVASADOR (es) | F61: NIT | H61: TELEFONO | I61: UBICACIÓN (DIRECCIÓN/CIUDAD/PAIS)
A64: IMPORTADOR (es) | F64: NIT | H64: TELEFONO | I64: UBICACIÓN (DIRECCIÓN/CIUDAD/PAIS)
A69: Nota: Adicione una linea para incluir otro importador y/o fabricante
A70: 2. DOCUMENTACION SOPORTE (orden de foliado) Allegar documentación debidamente foliada (enumerada) tomando como primer folio la consignación, los documentos deben venir foliados (numerados) en la parte superior derecha de la hoja y archivados en carpeta blanca con gancho legajador plástico. Si requiere presentar información mediante anexos, indique el número correspondiente del folio
A71: PRODUCTOS NACIONALES | H71: PRODUCTOS IMPORTADOS
A72: 1, Recibo de pago (consignación original) o constancia de la consignación (Ver numeral 2-3 del Instructivo) | H72: 1, Recibo de pago (consignación original) o constancia de la consignación (Ver numeral 2-3 del Instructivo)
A73: 2, Formulario de información básica y formulario de expedición de registro sanitario/ permiso sanitario / notificación sanitaria debidamente diligenciado | H73: 2, Formulario de información básica y formulario de expedición de registro sanitario/ permiso sanitario / notificación sanitaria debidamente diligenciado
A74: 3, Ficha técnica por variedad de producto(Ver numeral 6, 7, 8, 9, 11, 12, 13, 14 (opcional), 25, 26, 27 del instructivo); es necesario que si el producto usa "aditivos alimentarios" debe informar el DMU (Dosis máxima de uso) - consulte la normatividad sanitaria vigente en materia de uso de Aditivos Alimentarios. Tenga en cuenta que dentro de la información soporte del Registro Sanitario, Permiso Sanitario o Notificación Sanitaria, no se contempla lo relativo a tablas nutricionales y etiquetas, razón por la cual, si dado el caso se adjunta esta información, la Administración no emitirá pronunciamiento al respecto. | H74: 3, Ficha técnica por variedad de producto (Ver numerales 6, 7, 8, 9, 11, 12, 13, 14 (opcional), 25, 26, 27 del instructivo) es necesario que si el producto usa "aditivos alimentarios" debe informar el DMU (Dosis máxima de uso) - consulte la normatividad sanitaria vigente en materia de uso de Aditivos Alimentarios. Tenga en cuenta que dentro de la información soporte del Registro Sanitario, Permiso Sanitario o Notificación Sanitaria, no se contempla lo relativo a tablas nutricionales y etiquetas, razón por la cual, si dado el caso se adjunta esta información, la Administración no emitirá pronunciamiento al respecto.
A75: 4, Poder para actuar, si actúa mediante apoderado (Ver numeral 4 del instructivo) | H75: 4, Certificado de venta libre del país de orígen (Ver numeral 16 del instructivo)
H76: 5, Carta de autorización del fabricante al importador (Ver numeral 17 del instructivo)
H77: 6, Poder para actuar, si actúa mediante apoderado (Ver numeral 4 del instructivo)
A78: Declaro que conozco y acato los reglamentos sanitarios vigentes que regulan las condiciones sanitarias de las fábricas de productos alimenticios y del producto para el cual solicito el Registro Sanitario / Permiso Sanitario / Notificación Sanitaria.
A80: Firma: (19) | J80: C.C.
C81: Representante legal Apoderado
A83: Nombre: | J83: C.C.
C84: Representante legal Apoderado
A88: FABRICAR Y VENDER
A89: FABRICAR, ENVASAR Y VENDER
A90: IMPORTAR Y VENDER
A91: IMPORTAR, ENVASAR Y VENDER
A92: ENVASAR Y VENDER
A93: EMPACAR Y VENDER

Sheet FICHA TECNICA  (Modelo)
C1: =Instructivo!C1 -> ASEGURAMIENTO SANITARIO | H1: =Instructivo!H1 -> REGISTROS SANITARIOS Y TRAMITES ASOCIADOS
C2: =Instructivo!C2 -> FORMATO ÚNICO DE ALIMENTOS REGISTROS SANITARIOS o PERMISO SANITARIO o NOTIFICACIÓN SANITARIA Y TRAMITES ASOCIADOS (Resolución 2674 de 2013, Resolución 3168 de 2015)
C3: =Instructivo!C3 -> Código: ASS-RSA-FM099 | F3: =Instructivo!G3 -> Versión: 08 | I3: =Instructivo!I3 -> Fecha de Emisión: 2024-06-30
A5: FICHA TECNICA DEL PRODUCTO
A6: RECUERDE QUE: DEBERÁ ALLEGAR LA INFORMACIÓN EN FISICO Y EN MEDIO MAGNETICO (CD) EN FORMATO WORD Y/O EXCELL EDITABLE
A8: Presente su documentación sin tachaduras ni enmendaduras, legajada y foliada (numerada), en carpeta blanca, diligencie los formularios con letra clara y legible, con tinta de color negro, en computador o máquina de escribir, verifique la normatividad sanitaria aplicable a su producto y las disposiciones establecidas en la Resolución 2674 de 2013 modificada por la Resolución 3168 de 2015 y Resolución 719 de 2015.
A9: TENGA EN CUENTA : Para mayor información consulte el formato "Instructivo de trámites", en donde aparece indicado como debe diligenciar este formulario en los campos que se encuentran numerados según las disposiciones contempladas en la Resolución 2674 de 2013 Artículo 37, 38, 40 modificado por la Resolución 3168 de 2015
I10: folios
A11: SI REQUIERE PRESENTAR INFORMACIÓN ADICIONAL MEDIANTE ANEXOS, INDIQUE EL NÚMERO CORRESPONDIENTE DEL(OS) FOLIO(S).
A13: A. NOMBRE DEL PRODUCTO ( Ver numeral 6, 14 del Instructivo de trámites):
A17: B. COMPOSICION DEL PRODUCTO EN ORDEN DECRECIENTE Ver numeral (7) del Instructivo de Trámites, tenga en cuenta informar el DMU (Dosis Máxima de Uso) de los aditivos alimentarios si el producto los contiene.
A22: C. PRESENTACIONES COMERCIALES Ver numeral (9) del Instructivo de Trámites:
A26: D. TIPO DE ENVASE Ver numeral (8) del Instructivo de Trámites
A30: E. MATERIAL DE ENVASE Ver numeral (8) del Instructivo de Trámites:
A35: F. CONDICIONES DE CONSERVACION Ver numeral (11) del Instructivo de trámites:
A40: G. TIPO DE TRATAMIENTO (PROCESO DE ELABORACION) Ver numeral (12) del Instructivo de trámites:
A47: H. VIDA UTIL ESTIMADA Ver numeral (13) del Instructivo de trámites:
A51: I. PORCION RECOMENDADA Ver numeral (25) del Instructivo de Trámites.
A54: J. GRUPO POBLACIONAL Ver numeral (26) del Instructivo de Trámites
A57: I. FIRMA DE FICHA TÉCNICA Ver numeral (27) del Instructivo de trámites
A59: Firma del responsable del producto: | E59: JEFE DE PRODUCCION
A62: Nombre del Responsable del producto | G62: Firma:
A67: * Declaro que conozco y acato los reglamentos sanitarios vigentes que regulan las condiciones sanitarias de las fábricas de alimentos y del producto para el cual se solicito el registro / permiso /notificación sanitaria.
A72: REPRESENTANTE LEGAL
A73: JEFE DE PRODUCCION

Sheet MODIFICACIONES AUTOMATICAS
C1: =Instructivo!C1 -> ASEGURAMIENTO SANITARIO | J1: =Instructivo!H1 -> REGISTROS SANITARIOS Y TRAMITES ASOCIADOS | Y1: √
C2: =Instructivo!C2 -> FORMATO ÚNICO DE ALIMENTOS REGISTROS SANITARIOS o PERMISO SANITARIO o NOTIFICACIÓN SANITARIA Y TRAMITES ASOCIADOS (Resolución 2674 de 2013, Resolución 3168 de 2015)
C3: =Instructivo!C3 -> Código: ASS-RSA-FM099 | H3: =Instructivo!G3 -> Versión: 08 | L3: =Instructivo!I3 -> Fecha de Emisión: 2024-06-30
A5: FORMULARIO DE MODIFICACIONES AUTOMÁTICAS
A6: RECUERDE QUE: DEBERÁ ALLEGAR LA INFORMACIÓN EN FISICO Y EN MEDIO MAGNETICO (CD) EN FORMATO WORD Y/O EXCELL EDITABLE
A7: TENGA EN CUENTA : Para mayor información consulte el formato "Instructivo de trámites", en donde aparece indicado como debe diligenciar este formulario en los campos que se encuentran numerados según las disposiciones contempladas en la Resolución 2674 de 2013 Artículo 38, 40 modificado por la Resolución 3168 de 2015)
A8: Presente la documentación en carpeta blanca legajada y foliada (numerada), en carpeta blanca, diligencie , verifique la normatividad sanitaria aplicable a su producto y las disposiciones establecidas en la Resolución 2674 de 2013 modificada por la Resolución 3168 de 2015 y Resolución 719 de 2015.
A9: Diligencie los espacios sombreados según corresponda, sin tachaduras ni enmendaduras con letra clara y legible, con tinta de color negro, en computador o máquina de escribir.
A10: Existen algunos campos que tienen listas desplegables
A12: 1. DATOS GENERALES DEL TITULAR | V12: ANTIOQUIA | Y12: NIT
A13: Nombre o razón social: | V13: ATLANTICO | Y13: MATRICULA MERCANTIL
A14: Documento de Identidad(1): | J14: Cual : | N14: Nº | V14: BOGOTA | Y14: CEDULA DE CIUDADANIA
A15: Dirección: | V15: BOLIVAR | Y15: CEDULA DE EXTRANJERIA
A16: Departamento: | H16: Ciudad: | N16: Pais: | V16: BOYACA | Y16: OTROS
A17: Calidad del titular | D17: Representante legal | K17: Apoderado | V17: CALDAS
A18: Nombre del interesado | L18: Cédula de Ciudadania No. | V18: CAQUETA
A19: Dirección para notificación: | V19: CAUCA
A20: Departamento: | L20: Ciudad: | V20: CESAR
A21: Email(24): | L21: Teléfono(s): | V21: CORDOBA
A22: 2. DATOS DEL PRODUCTO | V22: CUNDINAMARCA
A23: Expediente No. | F23: Registro Sanitario | L23: No. Registro/Permiso o Notificación Sanitaria: | V23: CHOCO
F24: Permiso Sanitario | V24: HUILA
F25: Notificación Sanitaria | V25: LA GUAJIRA
A26: Nombre de producto(6): | L26: Marca:(23) | V26: MAGDALENA
V27: META
V29: N. DE SANTANDER
V30: QUINDIO
A31: INFORMACION TARIFA
A33: Tipo de trámite | C33: Modificación Automática Legal de registro, permiso y notificación sanitaria de alimentos, | J33: Descripcion
J34: =VLOOKUP(C33,'IO3'!A43:E51,2,FALSE) -> Relacionadas únicamente con cambios en el nombre o razón social, dirección, domicilio, cesiones, adiciones o exclusiones de titulares, fabricantes, envasadores e importadores y cambios de modalidad, Aplicable a microempresas, incluyendo los pequeños productores de acuerdo con la tipificación actual en el marco del Decreto 691 de 2018 y a las microempresas definidas en el Decreto 957 de 2019 o la norma que lo modifique o sustituya y las cooperativas, las asociaciones mutuales y las asociaciones agropecuarias, étnicas y campesinas. Exceptuada de pago, en el marco del parágrafo 2 del Art. 2 de Ley 2069 de 2020 y de la Resolución 2128 del 2023.
V36: RISARALDA
V37: SUCRE
A39: Codigo Tarifa | C39: =VLOOKUP(C33,'IO3'!A43:E51,3,FALSE) -> 90111
E40: UVB | F40: =VLOOKUP(C33,'IO3'!A43:E51,4,FALSE) -> 0
E42: VALOR | F42: =VLOOKUP(C33,'IO3'!A43:E51,5,FALSE) -> 0
V43: TOLIMA
A44: 3. TIPO DE ACTUALIZACION | V44: VALLE DEL CAUCA
A45: Seleccione con una (x) el tipo o tipos de modificación del registro sanitario/ permiso sanitario / notificación sanitaria | V45: ARAUCA
K46: CAMBIO | M46: ADICION | V46: CASANARE
J47: Seleccione de la lista de desplegable
V48: PUTUMAYO
A49: A | C49: MODIFICACION DE TITULAR* | V49: SAN ANDRES
V50: AMAZONAS
A51: B | C51: MODIFICACION DE RAZON SOCIAL* | H51: Titular | V51: GUAINIA
H52: Fabricante | V52: GUAVIARE
H53: Importador | V53: VAUPES
H54: Empacador | V54: VICHADA
A56: C | C56: MODIFICACION DE FABRICANTE*
H57: Código de Inscripción | N57: Código de Inscripción
H58: (ver numeral 34 del instructivo) | N58: (ver numeral 34 del instructivo)
A59: D | C59: MODIFICACION DE EMPACADOR*
A61: E | C61: MODIFICACION DE UBICACION | H61: Titular
H62: Fabricante
H63: Importador
H64: Empacador
A66: F | C66: MODIFICACION DE IMPORTADOR*
A68: G | C68: MODIFICACION DE MARCA COMERCIAL(23)
A70: H | C70: MODIFICACION DEL NOMBRE DEL PRODUCTO
A72: I | C72: MODIFICACION EN LA COMPOSICION DEL PRODUCTO
A74: J | C74: MODIFICACION DE PRESENTACIÓN COMERCIAL (Ver instructivo numeral 9,10)
A76: K | C76: MODIFICACION DE MODALIDAD DE REGISTRO/PERMISO/NOTIFICACION SANITARIA
A78: L | C78: OTROS
A80: CUAL (otros de la casilla L):
A83: * EXPRESAR CLARAMENTE EN EL FORMULARIO LA DIRECCION COMERCIAL QUE DEBE FIGURAR
A84: ITEM | B84: FIGURA EN EL REGISTRO | K84: DEBE FIGURAR (Indicar expresamente el cambio o la adición)
A92: Declaro que conozco y acato los reglamentos sanitarios vigentes que regulan las condiciones sanitarias de las fábricas de alimentos y del producto para el cual se solicita la modificación de un registro sanitario /permiso sanitario /notificación sanitaria.
A94: Nombre:
B95: Representante legal | K95: Apoderado
A96: cc. | J96: cc.
A99: Firma:(19)
C100: Representante legal | M100: Apoderado
A103: CC. | C103: AMAZONAS | E103: ✔
A104: CE. | C104: ANTIOQUIA
A105: NIT | C105: ARAUCA
C106: ATLÁNTICO
C107: BOLÍVAR
C108: BOYACÁ
C109: CALDAS
C110: CAQUETÁ
C111: CASANARE
C112: CAUCA
C113: CESAR
C114: CHOCÓ
C115: CÓRDOBA
C116: CUNDINAMARCA
C117: GÜAINIA
... C134: VICHADA

Sheet A. Mod.  TITULAR
C1: =+Instructivo!C1 -> ASEGURAMIENTO SANITARIO | G1: =+Instructivo!H1 -> REGISTROS SANITARIOS Y TRAMITES ASOCIADOS
C2: =Instructivo!C2 -> FORMATO ÚNICO DE ALIMENTOS REGISTROS SANITARIOS o PERMISO SANITARIO o NOTIFICACIÓN SANITARIA Y TRAMITES ASOCIADOS (Resolución 2674 de 2013, Resolución 3168 de 2015)
C3: =Instructivo!C3 -> Código: ASS-RSA-FM099 | F3: =Instructivo!G3 -> Versión: 08 | H3: =Instructivo!I3 -> Fecha de Emisión: 2024-06-30
A5: GUIA DE DOCUMENTACIÓN SOPORTE
A6: A. MODIFICACION DE TITULAR
A8: Presente su documentación sin tachaduras ni enmendaduras, legajada y foliada (numerada).
A9: Diligencie los formularios con letra clara y legible, con tinta de color negro, en computador o máquina de escribir
A10: Verifique la normatividad sanitaria aplicable a su producto.
A12: DOCUMENTACION SOPORTE | I12: A. Modificacion del Titular
I13: CAMBIO | J13: ADICION
A14: 1 | B14: Formulario de información básica y Formulario de solicitud de modificación diligenciado y firmado por el representante legal o apoderado legalmente constituido | I14: x | J14: x
A15: 2 | B15: Recibo de Pago en original por la tarifa legal correspondiente (3) | I15: x | J15: x
A16: 3 | B16: Poder debidamente otorgado a un abogado solamente, si el titular actúa mediante apoderado.(4) | I16: x | J16: x
A17: 4 | B17: Inscripción del nuevo titular del Registro Sanitario ante la Cámara de Comercio como persona jurídica o persona natural | I17: x | J17: x
A18: 5 | B18: Contrato de Cesión de titularidad identificando plenamente el número de registro sanitario, permiso sanitario o notificación sanitaria, producto, marca, expediente. Ver numeral (19) del Instructivo de trámites | I18: x
A19: 7 | B19: Autorización del fabricante al importador, si es su voluntad nombrar a un tercero (o al importador) como titular del registro sanitario, permiso sanitario o notificación sanitaria del producto en la República de Colombia Ver numeral (17) del Instructivo de trámites | I19: x | J19: x
A20: 8 | B20: Todos los documentos provenientes del exterior deben venir con sello de apostille o con sello de consularización (se hace en el país de origen del producto) y legalización (se hace en el Ministerio de Relaciones Exteriores en Colombia) | I20: x | J20: x
A21: 9 | B21: Todos los documentos provenientes del exterior se deben encontrar vigentes | I21: x | J21: x
A22: 10 | B22: Todos los documentos provenientes del exterior expedidos por autoridad pública expedidos en idioma diferente al castellano,deben venir con traducción oficial según Articulo 251 del Código General del proceso | I22: x | J22: x
A23: Declaro que conozco y acato los reglamentos sanitarios vigentes que regulan las condiciones sanitarias de las fábricas de alimentos y del producto para el cual se solicita la modificación de un registro sanitario /permiso sanitario /notificación sanitaria.

Sheet B. Mod. RAZON SOCIAL
C1: =+Instructivo!C1 -> ASEGURAMIENTO SANITARIO | F1: =+Instructivo!H1 -> REGISTROS SANITARIOS Y TRAMITES ASOCIADOS
C2: ='Solicitud Registro Sanitario'!C2:N2 -> FORMATO ÚNICO DE ALIMENTOS REGISTROS SANITARIOS o PERMISO SANITARIO o NOTIFICACIÓN SANITARIA Y TRAMITES ASOCIADOS (Resolución 2674 de 2013, Resolución 3168 de 2015)
C3: =Instructivo!C3 -> Código: ASS-RSA-FM099 | E3: =Instructivo!G3 -> Versión: 08 | G3: =Instructivo!I3 -> Fecha de Emisión: 2024-06-30
A5: GUIA DE DOCUMENTACIÓN SOPORTE
A6: B. MODIFICACIÓN DE RAZÓN SOCIAL
A8: Presente su documentación sin tachaduras ni enmendaduras, legajada y foliada (numerada).
A9: Diligencie los formularios con letra clara y legible, con tinta de color negro, en computador o máquina de escribir
A10: Verifique la normatividad sanitaria aplicable a su producto.
A12: DOCUMENTACION SOPORTE | G12: B. Modificacion de la razón social
G13: TITULAR | H13: FABRICANTE | I13: IMPORTADOR
A14: 1 | B14: Formulario de información básica y Formulario de solicitud de modificación diligenciado y firmado por el representante legal o apoderado legalmente constituido. | G14: x | H14: x | I14: x
A15: =A14+1 -> 2 | B15: Recibo de Pago en original por la tarifa legal correspondiente (3) | G15: x | H15: x | I15: x
A16: =A15+1 -> 3 | B16: Poder debidamente otorgado a un abogado solamente, si el titular actúa mediante apoderado.(4) | G16: x | H16: x | I16: x
A17: =A16+1 -> 4 | B17: Actualización ante la Cámara de Comercio como persona jurídica o persona natural según sea el caso del titular actual .(15) | G17: x | H17: x | I17: x
A18: 5 | B18: Para personas juridicas ubicadas en el extranjero deberá aportar certificado de cámara y comercio o documento equivalente donde se evidencie la transformación societaria. | G18: x | H18: x
A19: =A18+1 -> 6 | B19: Todos los documentos provenientes del exterior deben venir con sello de apostille o con sello de consularización (se hace en el país de origen del producto) y legalización (se hace en el Ministerio de Relaciones Exteriores en Colombia). | G19: x | H19: x | I19: x
A20: =A19+1 -> 7 | B20: Todos los documentos provenientes del exterior se deben encontrar vigentes | G20: x | H20: x | I20: x
A21: =A20+1 -> 8 | B21: Todos los documentos provenientes del exterior expedidos por autoridad pública expedidos en idioma diferente al castellano,deben venir con traducción oficial según el Articulo 251 del Código General del Proceso. | G21: x | H21: x | I21: x
A22: Declaro que conozco y acato los reglamentos sanitarios vigentes que regulan las condiciones sanitarias de las fábricas de alimentos y del producto para el cual se solicita la modificación de un registro sanitario /permiso sanitario /notificación sanitaria.

Sheet c.  MOD. FABRICANTE
C1: =+Instructivo!C1 -> ASEGURAMIENTO SANITARIO | F1: =+Instructivo!H1 -> REGISTROS SANITARIOS Y TRAMITES ASOCIADOS
C2: =Instructivo!C2 -> FORMATO ÚNICO DE ALIMENTOS REGISTROS SANITARIOS o PERMISO SANITARIO o NOTIFICACIÓN SANITARIA Y TRAMITES ASOCIADOS (Resolución 2674 de 2013, Resolución 3168 de 2015)
C3: =Instructivo!C3 -> Código: ASS-RSA-FM099 | E3: =Instructivo!G3 -> Versión: 08 | G3: =Instructivo!I3 -> Fecha de Emisión: 2024-06-30
A5: GUIA DE DOCUMENTACIÓN SOPORTE
A6: C. MODIFICACION DE FABRICANTE
A8: Presente su documentación sin tachaduras ni enmendaduras, legajada y foliada (numerada).
A9: Diligencie los formularios con letra clara y legible, con tinta de color negro, en computador o máquina de escribir
A10: Verifique la normatividad sanitaria aplicable a su producto.
A12: DOCUMENTACION SOPORTE | H12: C. Modificación de Fabricante
H13: ADICIÓN | I13: CAMBIO
A14: 1 | B14: Formulario de información básica y Formulario de solicitud diligenciado y firmado por el representante legal o apoderado legalmente constituido. | H14: x | I14: x
A15: 2 | B15: Recibo de Pago en original por la tarifa legal correspondiente (3) | H15: x | I15: x
A16: 3 | B16: Poder debidamente otorgado a un abogado solamente, si el titular actúa mediante apoderado.(4) | H16: x | I16: x
A17: 5 | B17: Inscripción del nuevo fabricante ante la Cámara de Comercio como persona jurídica o persona natural según sea el caso (15) | H17: x | I17: x
A18: 6 | B18: Certificado de venta libre, expedido por autoridad sanitaria del país de origen, en el cual conste que el producto se vende libremente en ese país, es apto para el consumo humano y que el fabricante cumple con las normas sanitarias exigida.(16). Lo anterior para productos importados. | H18: x | I18: x
A19: 7 | B19: Autorización del fabricante al importador para importar, distribuir y comercializar el producto en la República de Colombia.(17). Lo anterior para productos importados | H19: x | I19: x
A20: 8 | B20: Todos los documentos provenientes del exterior deben venir con sello de apostille o con sello de consularización (se hace en el país de origen del producto) y legalización (se hace en el Ministerio de Relaciones Exteriores en Colombia). | H20: x | I20: x
A21: 9 | B21: Todos los documentos provenientes del exterior se deben encontrar vigentes. Lo anterior para productos importados | H21: x | I21: x
A22: 10 | B22: Todos los documentos provenientes del exterior expedidos por autoridad pública expedidos en idioma diferente al castellano,deben venir con traducción oficial según según el Articulo 251 del Código General del Proceso. | H22: x | I22: x
A23: 11 | B23: Tener el código de inscripción ante el Invima del nuevo fabricante (Ver numeral 34 del Instructivo de trámites). | H23: x | I23: x
A24: Declaro que conozco y acato los reglamentos sanitarios vigentes que regulan las condiciones sanitarias de las fábricas de alimentos y del producto para el cual se solicita la modificación de un registro sanitario /permiso sanitario /notificación sanitaria.

Sheet d. MOD. EMPACADOR
C1: =+Instructivo!C1 -> ASEGURAMIENTO SANITARIO | F1: =+Instructivo!H1 -> REGISTROS SANITARIOS Y TRAMITES ASOCIADOS
C2: =Instructivo!C2 -> FORMATO ÚNICO DE ALIMENTOS REGISTROS SANITARIOS o PERMISO SANITARIO o NOTIFICACIÓN SANITARIA Y TRAMITES ASOCIADOS (Resolución 2674 de 2013, Resolución 3168 de 2015)
C3: =Instructivo!C3 -> Código: ASS-RSA-FM099 | E3: =+Instructivo!G3 -> Versión: 08 | G3: =+Instructivo!I3 -> Fecha de Emisión: 2024-06-30
A5: GUIA DE DOCUMENTACIÓN SOPORTE
A6: D. MODIFICACION DE EMPACADOR
A8: Presente su documentación sin tachaduras ni enmendaduras, legajada y foliada (numerada).
A9: Diligencie los formularios con letra clara y legible, con tinta de color negro, en computador o máquina de escribir
A10: Verifique la normatividad sanitaria aplicable a su producto.
A12: DOCUMENTACION SOPORTE | G12: D. Modificación de Empacador
G13: ADICIÓN | H13: CAMBIO
A14: 1 | B14: Formulario de información básica y Formulario de solicitud diligenciado y firmado por el representante legal o apoderado legalmente constituido | G14: x | H14: x
A15: =A14+1 -> 2 | B15: Recibo de Pago en original por la tarifa legal correspondiente (3) | G15: x | H15: x
A16: =A15+1 -> 3 | B16: Poder debidamente otorgado a un abogado solamente, si el titular actúa mediante apoderado.(4) | G16: x | H16: x
A17: =A16+1 -> 4 | B17: Inscripción del nuevo empacador ante la Cámara de Comercio como persona jurídica o persona natural según sea el caso (15); | G17: x | H17: x
A18: 5 | B18: Autorización del fabricante al empacador (para la modalidad de importar, empacar y vender). | G18: x | H18: x
A19: Declaro que conozco y acato los reglamentos sanitarios vigentes que regulan las condiciones sanitarias de las fábricas de alimentos y del producto para el cual se solicita la modificación de un registro sanitario /permiso sanitario /notificación sanitaria.

Sheet e.  MOD. UBICACION
C1: =Instructivo!C1 -> ASEGURAMIENTO SANITARIO | G1: =Instructivo!H1 -> REGISTROS SANITARIOS Y TRAMITES ASOCIADOS
C2: =Instructivo!C2 -> FORMATO ÚNICO DE ALIMENTOS REGISTROS SANITARIOS o PERMISO SANITARIO o NOTIFICACIÓN SANITARIA Y TRAMITES ASOCIADOS (Resolución 2674 de 2013, Resolución 3168 de 2015)
C3: =Instructivo!C3 -> Código: ASS-RSA-FM099 | F3: =Instructivo!G3 -> Versión: 08 | H3: =Instructivo!I3 -> Fecha de Emisión: 2024-06-30
A5: GUIA DE DOCUMENTACIÓN SOPORTE
A6: E. MODIFICACION DE UBICACIÓN
A7: Presente su documentación sin tachaduras ni enmendaduras, legajada y foliada (numerada).
A8: Diligencie los formularios con letra clara y legible, con tinta de color negro, en computador o máquina de escribir
A9: Verifique la normatividad sanitaria aplicable a su producto.
A11: DOCUMENTACION SOPORTE | G11: E. Modificación de Ubicación
G12: TITULAR | H12: FABRICANTE | I12: IMPORTADOR
A13: 1 | B13: Formulario de información básica y Formulario de solicitud diligenciado y firmado por el representante legal o apoderado legalmente constituido. | G13: x | H13: x | I13: x
A14: =A13+1 -> 2 | B14: Recibo de Pago en original por la tarifa legal correspondiente (3) | G14: x | H14: x | I14: x
A15: =A14+1 -> 3 | B15: Poder debidamente otorgado a un abogado solamente, si el titular actúa mediante apoderado.(4) | G15: x | H15: x | I15: x
A16: =A15+1 -> 4 | B16: Inscripción del titular o importador ante la Cámara de Comercio como persona jurídica o persona natural según sea el caso (15). Conforme al cambio solicitado. | G16: x | I16: x
A17: 5 | B17: Inscripción de la ubicación del establecimiento de fabricación del producto conforme al cambio solicitado, de conformidad con lo dispuesto en el artículo 50 de la Resolución 2674 de 2013, indique el código de asignación de inscripción de la fábrica | H17: x
A18: =A17+1 -> 6 | B18: Todos los documentos provenientes del exterior deben venir con sello de apostille o con sello de consularización (se hace en el país de origen del producto) y legalización (se hace en el Ministerio de Relaciones Exteriores en Colombia). | G18: x | H18: x | I18: x
A19: =A18+1 -> 7 | B19: Todos los documentos provenientes del exterior se deben encontrar vigentes | G19: x | H19: x | I19: x
A20: 8 | B20: Todos los documentos provenientes del exterior expedidos por autoridad pública expedidos en idioma diferente al castellano,deben venir con traducción oficial según Articulo 251 del Código General del Proceso. | G20: x | H20: x | I20: x
A21: Tenga en cuenta lo descrito en el Articulo 6 de la Resolución número 2674 de 2013.
A22: Declaro que conozco y acato los reglamentos sanitarios vigentes que regulan las condiciones sanitarias de las fábricas de alimentos y del producto para el cual se solicita el registro sanitario.

Sheet f. MOD.IMPORTADOR
C1: =Instructivo!C1 -> ASEGURAMIENTO SANITARIO | F1: =Instructivo!H1 -> REGISTROS SANITARIOS Y TRAMITES ASOCIADOS
C2: =Instructivo!C2 -> FORMATO ÚNICO DE ALIMENTOS REGISTROS SANITARIOS o PERMISO SANITARIO o NOTIFICACIÓN SANITARIA Y TRAMITES ASOCIADOS (Resolución 2674 de 2013, Resolución 3168 de 2015)
C3: =Instructivo!C3 -> Código: ASS-RSA-FM099 | F3: =Instructivo!G3 -> Versión: 08 | G3: =Instructivo!I3 -> Fecha de Emisión: 2024-06-30
A5: GUIA DE DOCUMENTACIÓN SOPORTE
A6: F. MODIFICACION DE IMPORTADOR
A8: Presente su documentación sin tachaduras ni enmendaduras, legajada y foliada (numerada).
A9: Diligencie los formularios con letra clara y legible, con tinta de color negro, en computador o máquina de escribir
A10: Verifique la normatividad sanitaria aplicable a su producto.
A12: DOCUMENTACION SOPORTE | H12: F. Modificación de Importador
H13: ADICIÓN | I13: CAMBIO
A14: 1 | B14: Formulario de información básica y Formulario de solicitud diligenciado y firmado por el representante legal o apoderado legalmente constituido. | H14: x | I14: x
A15: 2 | B15: Recibo de Pago en original por la tarifa legal correspondiente (3) | H15: x | I15: x
A16: 3 | B16: Poder debidamente otorgado a un abogado solamente, si el titular actúa mediante apoderado.(4) | H16: x | I16: x
A17: 5 | B17: Inscripción del importador ante la Cámara de Comercio como persona jurídica o persona natural según sea el caso (15). | H17: x | I17: x
A18: 6 | B18: Autorización del fabricante al importador para importar, distribuir y comercializar el producto , en la República de Colombia.(17) | H18: x | I18: x
A19: 7 | B19: Todos los documentos provenientes del exterior deben venir con sello de apostille o con sello de consularización (se hace en el país de origen del producto) y legalización (se hace en el Ministerio de Relaciones Exteriores en Colombia). | H19: x | I19: x
A20: 8 | B20: Todos los documentos provenientes del exterior se deben encontrar vigentes | H20: x | I20: x
A21: 9 | B21: Todos los documentos provenientes del exterior expedidos por autoridad pública expedidos en idioma diferente al castellano,deben venir con traducción oficial según el Articulo 251 del Código General del Proceso. | H21: x | I21: x
A22: Declaro que conozco y acato los reglamentos sanitarios vigentes que regulan las condiciones sanitarias de las fábricas de alimentos y del producto para el cual se solicita la modificación de un registro sanitario /permiso sanitario /notificación sanitaria.

Sheet g.  MOD. MARCA COMERCIA
C1: =+Instructivo!C1 -> ASEGURAMIENTO SANITARIO | E1: =Instructivo!H1 -> REGISTROS SANITARIOS Y TRAMITES ASOCIADOS
C2: =Instructivo!C2 -> FORMATO ÚNICO DE ALIMENTOS REGISTROS SANITARIOS o PERMISO SANITARIO o NOTIFICACIÓN SANITARIA Y TRAMITES ASOCIADOS (Resolución 2674 de 2013, Resolución 3168 de 2015)
C3: =Instructivo!C3 -> Código: ASS-RSA-FM099 | D3: =Instructivo!G3 -> Versión: 08 | E3: =Instructivo!I3 -> Fecha de Emisión: 2024-06-30
A5: GUIA DE DOCUMENTACIÓN SOPORTE
A6: G. MODIFICACION DE MARCA COMERCIAL (25)
A8: Presente su documentación sin tachaduras ni enmendaduras, legajada y foliada (numerada).
A9: Diligencie los formularios con letra clara y legible, con tinta de color negro, en computador o máquina de escribir
A10: Verifique la normatividad sanitaria aplicable a su producto.
A12: DOCUMENTACION SOPORTE | F12: G. Modificacion de la marca comercial
F13: CAMBIO | G13: ADICION
A14: 1 | B14: Formulario de información básica y Formulario de solicitud diligenciado y firmado por el representante legal. | F14: x | G14: x
A15: 2 | B15: Recibo de Pago en original por la tarifa legal correspondiente (3) | F15: x | G15: x
A16: 3 | B16: Poder debidamente otorgado a un abogado solamente, si el titular actúa mediante apoderado.(4) | F16: x | G16: x
A17: NOTA IMPORTANTE: La autorización de las marcas estará condicionada al cumplimiento de las disposiciones contenidas en los artículos 272 y 274 de la Ley 9 de 1979 y artículo 4° de la Resolución 5109 de 2005 o normas que las modifiquen o sustituyan.
A18: Declaro que conozco y acato los reglamentos sanitarios vigentes que regulan las condiciones sanitarias de las fábricas de alimentos y del producto para el cual se solicita la modificación de un registro sanitario /permiso sanitario /notificación sanitaria.

Sheet h. MOD. NOMBRE - VARIEDAD
C1: =+Instructivo!C1 -> ASEGURAMIENTO SANITARIO | F1: =+Instructivo!H1 -> REGISTROS SANITARIOS Y TRAMITES ASOCIADOS
C2: =Instructivo!C2 -> FORMATO ÚNICO DE ALIMENTOS REGISTROS SANITARIOS o PERMISO SANITARIO o NOTIFICACIÓN SANITARIA Y TRAMITES ASOCIADOS (Resolución 2674 de 2013, Resolución 3168 de 2015)
C3: =Instructivo!C3 -> Código: ASS-RSA-FM099 | E3: =Instructivo!G3 -> Versión: 08 | G3: =Instructivo!I3 -> Fecha de Emisión: 2024-06-30
A5: GUÍA DE DOCUMENTACIÓN SOPORTE
A6: H. MODIFICACIÓN NOMBRE DE PRODUCTO / ADICION DE VARIEDADES
A8: Presente su documentación sin tachaduras ni enmendaduras, legajada y foliada (numerada).
A9: Diligencie los formularios con letra clara y legible, con tinta de color negro, en computador o máquina de escribir
A10: Verifique la normatividad sanitaria aplicable a su producto.
A12: DOCUMENTACIÓN SOPORTE | H12: H. Modificación Nombre de producto
H13: ADICIÓN | I13: CAMBIO
A14: 1 | B14: Formulario de información básica y Formulario de solicitud diligenciado y firmado por el representante legal o apoderado legalmente constituido. | H14: x | I14: x
A15: 2 | B15: Recibo de Pago en original por la tarifa legal correspondiente (3) | H15: x | I15: x
A16: 3 | B16: Poder debidamente otorgado a un abogado solamente, si el titular actúa mediante apoderado.(4) | H16: x | I16: x
A17: 4 | B17: Ficha técnica de la variedad a adicionar modelo Invima firmado por el representante legal o jefe de producción (6-13),(27-29). Si la ficha técnica proviene del exterior (Productos Importados), debe incluir traducción no oficial. | H17: x | I17: x
A18: 5 | B18: Autorización del fabricante al importador para importar, distribuir y comercializar el producto a adicionar, en la República de Colombia, referenciando el nuevo nombre del producto (17) | H18: x | I18: x
A19: 6 | B19: Certificado de venta libre, expedido por autoridad sanitaria del país de origen, en el cual conste que el producto se vende libremente en ese país, es apto para el consumo humano y que el fabricante cumple con las normas sanitarias exigida.(16) | H19: x | I19: x
A20: 7 | B20: Todos los documentos provenientes del exterior deben venir con sello de apostille o con sello de consularización (se hace en el país de origen del producto) y legalización (se hace en el Ministerio de Relaciones Exteriores en Colombia). | H20: x | I20: x
A21: 8 | B21: Todos los documentos públicos provenientes del exterior expedidos por autoridad pública en idioma diferente al castellano,deben venir con traducción oficial según según el Articulo 251 del Código General del Proceso. | H21: x | I21: x
A22: Declaro que conozco y acato los reglamentos sanitarios vigentes que regulan las condiciones sanitarias de las fábricas de alimentos y del producto para el cual se solicita la modificación de un registro sanitario /permiso sanitario /notificación sanitaria.

Sheet i. MOD. COMPOSICION
C1: =Instructivo!C1 -> ASEGURAMIENTO SANITARIO | G1: =Instructivo!H1 -> REGISTROS SANITARIOS Y TRAMITES ASOCIADOS
C2: =Instructivo!C2 -> FORMATO ÚNICO DE ALIMENTOS REGISTROS SANITARIOS o PERMISO SANITARIO o NOTIFICACIÓN SANITARIA Y TRAMITES ASOCIADOS (Resolución 2674 de 2013, Resolución 3168 de 2015)
C3: =Instructivo!C3 -> Código: ASS-RSA-FM099 | F3: =Instructivo!G3 -> Versión: 08 | H3: =Instructivo!I3 -> Fecha de Emisión: 2024-06-30
A5: GUÍA DE DOCUMENTACION SOPORTE
A6: I. MODIFICACIÓN COMPOSICIÓN DE PRODUCTO
A8: Presente su documentación sin tachaduras ni enmendaduras, legajada y foliada (numerada).
A9: Diligencie los formularios con letra clara y legible, con tinta de color negro, en computador o máquina de escribir
A10: Verifique la normatividad sanitaria aplicable a su producto.
A12: DOCUMENTACIÓN SOPORTE | I12: I. Modificación de composición
I13: CAMBIO | J13: ADICIÓN
A14: 1 | B14: Formulario de Información Básica y Formulario de solicitud diligenciado y firmado por el Representante Legal o apoderado legalmente constituido. | I14: x | J14: x
A15: 2 | B15: Recibo de Pago en original por la tarifa legal correspondiente (3) | I15: x | J15: x
A16: 3 | B16: Poder debidamente otorgado a un abogado solamente, si el titular actúa mediante apoderado.(4) | I16: x | J16: x
A17: 4 | B17: Ficha técnica del producto modelo Invima firmado por el representante legal o jefe de producción .(6-13),(27-29), tenga en cuenta que si el producto ha sido adicionado de "aditivos alimentarios", deberá declarar en la ficha técnica la dosis máxima de uso (DMU), según Resolución 2674 de 2013. | I17: x | J17: x
A18: Declaro que conozco y acato los reglamentos sanitarios vigentes que regulan las condiciones sanitarias de las fábricas de alimentos y del producto para el cual se solicita la modificación de un registro sanitario /permiso sanitario /notificación sanitaria.

Sheet L.  OTRAS MODIFICACIONES
D1: =Instructivo!C1 -> ASEGURAMIENTO SANITARIO | F1: =Instructivo!H1 -> REGISTROS SANITARIOS Y TRAMITES ASOCIADOS
D2: =Instructivo!C2 -> FORMATO ÚNICO DE ALIMENTOS REGISTROS SANITARIOS o PERMISO SANITARIO o NOTIFICACIÓN SANITARIA Y TRAMITES ASOCIADOS (Resolución 2674 de 2013, Resolución 3168 de 2015)
D3: =Instructivo!C3 -> Código: ASS-RSA-FM099 | F3: =Instructivo!G3 -> Versión: 08 | G3: =Instructivo!I3 -> Fecha de Emisión: 2024-06-30
A5: GUIA DE DOCUMENTACIÓN SOPORTE
A6: L. MODIFICACION OTRAS MODIFICACIONES (TIPO DE CONSERVACIÓN, VIDA ÚTIL, DECLARACIONES NUTRICIONALES, MATERIAL DE ENVASE ENTRE OTROS) Ver numerales (8, 11, 12, 13, 14) del Instructivo de Trámites
A9: Presente su documentación sin tachaduras ni enmendaduras, legajada y foliada (numerada).
A10: Diligencie los formularios con letra clara y legible, con tinta de color negro, en computador o máquina de escribir
A11: Verifique la normatividad sanitaria aplicable a su producto.
A13: DOCUMENTACION SOPORTE | G13: k. Otras Modificaciones
G14: CAMBIO | I14: ADICION
A15: 1 | B15: Formulario de información básica y Formulario de solicitud diligenciado y firmado por el representante legal o apoderado legalmente constituido. | G15: x | I15: x
A16: 2 | B16: Recibo de Pago en original por la tarifa legal correspondiente (3) | G16: x | I16: x
A17: 3 | B17: Poder debidamente otorgado a un abogado solamente, si el titular actúa mediante apoderado.(4) | G17: x | I17: x
A18: 4 | B18: Todos los documentos provenientes del exterior deben tener una vigencia no mayor a un (1) año, a la fecha de radicación del trámite. | G18: x | I18: x
A19: 5 | B19: Todos los documentos provenientes del exterior expedidos por autoridad pública expedidos en idioma diferente al castellano,deben venir con traducción oficial según el Articulo 251 del Código General del Proceso. | G19: x | I19: x
A20: 6 | B20: Vida útil y condiciones de conservación: Estudio técnico (Estabilidad ) que soporte la modificación. | G20: x | I20: x
A21: 7 | B21: Adición o cambio de descriptor nutricional: Reporte analítico con resultados de los nutrientes objeto del descriptor y tamaño de la porción del alimento en unidades de peso o volúmen, según corresponda, en concordancia con lo dispuesto en la Resolución 333 de 2011. | G21: x | I21: x
A22: Declaro que conozco y acato los reglamentos sanitarios vigentes que regulan las condiciones sanitarias de las fábricas de alimentos y del producto para el cual se solicita la modificación de un registro sanitario /permiso sanitario /notificación sanitaria.

Sheet K. MOD.CAMBIO DE MODALIDAD
C1: =Instructivo!C1 -> ASEGURAMIENTO SANITARIO | F1: =Instructivo!H1 -> REGISTROS SANITARIOS Y TRAMITES ASOCIADOS
C2: =Instructivo!C2 -> FORMATO ÚNICO DE ALIMENTOS REGISTROS SANITARIOS o PERMISO SANITARIO o NOTIFICACIÓN SANITARIA Y TRAMITES ASOCIADOS (Resolución 2674 de 2013, Resolución 3168 de 2015)
C3: =Instructivo!C3 -> Código: ASS-RSA-FM099 | F3: =Instructivo!G3 -> Versión: 08 | G3: =Instructivo!I3 -> Fecha de Emisión: 2024-06-30
A5: GUIA DE DOCUMENTACIÓN SOPORTE
A6: K. MODIFICACION DE MODALIDAD Ver numeral 40 del Instructivo de trámites
A8: Presente su documentación sin tachaduras ni enmendaduras, legajada y foliada (numerada).
A9: Diligencie los formularios con letra clara y legible, con tinta de color negro, en computador o máquina de escribir
A10: Verifique la normatividad sanitaria aplicable a su producto.
A12: DOCUMENTACION SOPORTE
A14: Modificación de Modalidad de "Fabricar y Vender" a "Importar y Vender"
A15: 1 | B15: Formulario de información básica y Formulario de solicitud diligenciado y firmado por el representante legal o apoderado legalmente constituido.
A16: 2 | B16: Recibo de Pago en original por la tarifa legal correspondiente (3)
A17: 3 | B17: Poder debidamente otorgado a un abogado solamente, si el titular actúa mediante apoderado.(4)
A18: 5 | B18: Contar con la inscripción del importador ante la Cámara de Comercio como persona jurídica o persona natural según sea el caso (15).
A19: 7 | B19: Autorización del fabricante al importador para importar, distribuir y comercializar el producto , en la República de Colombia.(17)
A20: 8 | B20: Certificado de Venta Libre (CVL) expedido por la autoridad sanitaria competente del país de origen, en el cual conste que el producto se vende libre mente en ese país, es apto para el consumo humano y que el fabricante cumple con las normas sanitarias exigidas en ese país, con el respectivo sello de apostille o en su defecto sello de consularización (se hace en el país de origen) y legalización (se hace en el Ministerio de Relaciones Exteriores en Colombia). Si el documento proviene del exterior en idioma diferente al castellano, adicionalmente se debe adjuntar traducción oficial conforme con lo establecido en el Articulo 251 del Código General del Proceso. Tenga en cuenta que el certificado debe estar vigente al momento de la radicación.
A21: 9 | B21: Todos los documentos provenientes del exterior deben venir con sello de apostille o con sello de consularización (se hace en el país de origen del producto) y legalización (se hace en el Ministerio de Relaciones Exteriores en Colombia).
A22: 10 | B22: Todos los documentos provenientes del exterior se deben encontrar vigentes
A23: 11 | B23: Todos los documentos provenientes del exterior expedidos por autoridad pública expedidos en idioma diferente al castellano,deben venir con traducción oficial el Articulo 251 del Código General del Proceso.
A24: 12 | B24: Manifestar a través de un oficio la exclusión de la sociedad fabricante en Colombia y la inclusión del fabricante en el exterior y del importador.
A25: 13 | B25: Aportar fichas técnicas del producto del nuevo fabricante.
A26: Tenga en cuenta que las solicitudes de registros otorgados bajo la vigencia del Decreto 3075 de 1997 cambiarán su nomenclatura acorde a lo estipulado en la Resolución 2674 de 2013 modificada por la Resolución 3168 de 2015.
A27: Modificación de Modalidad de "Importar y Vender" a "Fabricar y Vender"
A28: 1 | B28: Formulario de información básica y Formulario de solicitud diligenciado y firmado por el representante legal o apoderado legalmente constituido.
A29: 2 | B29: Recibo de Pago en original por la tarifa legal correspondiente (3)
A30: 3 | B30: Poder debidamente otorgado a un abogado solamente, si el titular actúa mediante apoderado.(4)
A31: 4 | B31: Contar con la inscripción del fabricante y titular en Colombia ante la Cámara de Comercio como persona jurídica o persona natural según sea el caso (15).
A32: 5 | B32: Aportar fichas técnicas del producto del nuevo fabricante.
A33: 6 | B33: Manifestar a través de un oficio la exclusión de la sociedadora importadora y del fabricante en el exterior.
A34: Tenga en cuenta que las solicitudes de registros otorgados bajo la vigencia del Decreto 3075 de 1997 cambiarán su nomenclatura acorde a lo estipulado en la Resolución 2674 de 2013 modificada por la Resolución 3168 de 2015.
A35: Modificación de Modalidad de "Importar y Vender" a "Importar, empacar y vender O "Fabricar y Vender" a "Fabricar, empacar y vender"
A36: 1 | B36: Formulario de información básica y Formulario de solicitud diligenciado y firmado por el representante legal o apoderado legalmente constituido.
A37: 2 | B37: Recibo de Pago en original por la tarifa legal correspondiente (3)
A38: 3 | B38: Poder debidamente otorgado a un abogado solamente, si el titular actúa mediante apoderado.(4)
A39: 4 | B39: Contar con la inscripción del empacador en Colombia ante la Cámara de Comercio como persona jurídica o persona natural según sea el caso (15).
A40: Modificación de Modalidad de "Fabricar y Vender" a "Empacar y vender"
A41: 1 | B41: Formulario de información básica y Formulario de solicitud diligenciado y firmado por el representante legal o apoderado legalmente constituido.
A42: 2 | B42: Recibo de Pago en original por la tarifa legal correspondiente (3)
A43: 3 | B43: Poder debidamente otorgado a un abogado solamente, si el titular actúa mediante apoderado.(4)
A44: 4 | B44: Manifestar a través de un oficio la exclusión del fabricante y la inclusión del empacador.
A45: 5 | B45: Contar con la inscripción del empacador en Colombia ante la Cámara de Comercio como persona jurídica o persona natural según sea el caso (15).
A46: Declaro que conozco y acato los reglamentos sanitarios vigentes que regulan las condiciones sanitarias de las fábricas de alimentos y del producto para el cual se solicita la modificación de un registro sanitario /permiso sanitario /notificación sanitaria.

Sheet l. MOD.PRESENTACION COMERCIAL
C1: =Instructivo!C1 -> ASEGURAMIENTO SANITARIO | F1: =Instructivo!H1 -> REGISTROS SANITARIOS Y TRAMITES ASOCIADOS
C2: =Instructivo!C2 -> FORMATO ÚNICO DE ALIMENTOS REGISTROS SANITARIOS o PERMISO SANITARIO o NOTIFICACIÓN SANITARIA Y TRAMITES ASOCIADOS (Resolución 2674 de 2013, Resolución 3168 de 2015)
C3: =Instructivo!C3 -> Código: ASS-RSA-FM099 | E3: =Instructivo!G3 -> Versión: 08 | G3: =Instructivo!I3 -> Fecha de Emisión: 2024-06-30
A5: GUIA DE DOCUMENTACIÓN SOPORTE
A6: J. MODIFICACION PRESENTACIÓN COMERCIAL Ver numerales 9,10 del Instructivo de Trámites)
A8: Presente su documentación sin tachaduras ni enmendaduras, legajada y foliada (numerada).
A9: Diligencie los formularios con letra clara y legible, con tinta de color negro, en computador o máquina de escribir
A10: Verifique la normatividad sanitaria aplicable a su producto.
A12: DOCUMENTACION SOPORTE | G12: J. Modificacion de presentación comercial
G13: CAMBIO | H13: ADICION
A14: 1 | B14: Formulario de información básica y Formulario de solicitud diligenciado y firmado por el representante legal. | G14: x | H14: x
A15: 2 | B15: Recibo de Pago en original por la tarifa legal correspondiente (3) | G15: x | H15: x
A16: 3 | B16: Poder debidamente otorgado a un abogado solamente, si el titular actúa mediante apoderado.(4) | G16: x | H16: x
A17: Declaro que conozco y acato los reglamentos sanitarios vigentes que regulan las condiciones sanitarias de las fábricas de alimentos y del producto para el cual se solicita la modificación de un registro sanitario /permiso sanitario /notificación sanitaria.

Sheet AUTORIZACIONES
D1: =Instructivo!C1 -> ASEGURAMIENTO SANITARIO | N1: =Instructivo!H1 -> REGISTROS SANITARIOS Y TRAMITES ASOCIADOS | U1: √
D2: =Instructivo!C2 -> FORMATO ÚNICO DE ALIMENTOS REGISTROS SANITARIOS o PERMISO SANITARIO o NOTIFICACIÓN SANITARIA Y TRAMITES ASOCIADOS (Resolución 2674 de 2013, Resolución 3168 de 2015)
D3: =Instructivo!C3 -> Código: ASS-RSA-FM099 | M3: =Instructivo!G3 -> Versión: 08 | P3: =Instructivo!I3 -> Fecha de Emisión: 2024-06-30
A5: FORMULARIO UNICO PARA PRESENTACION DE SOLICITUDES DE AUTORIZACION CON O SIN REGISTRO SANITARIO / PERMISO SANITARIO / NOTIFICACION SANITARIA
A7: Diligencie los espacios según corresponda, presente su documentación sin tachaduras ni enmendaduras, legajada y foliada (numerada), diligencie los formularios con letra clara y legible, con tinta de color negro, en computador o máquina de escribir, verifique la normatividad sanitaria aplicable a su producto y las disposiciones establecidas en la Resolución 2674 de 2013, Resolución 5109 de 2005, Resolución 333 de 2011 , Resolución 810 de 2021 o aquellas que las sustituyan o modifiquen.
A8: IMPORTANTE : Para mayor información consulte el formato "Instructivo de trámites", que se ubica en la hoja 1 del presente archivo, el cual contiene información asociada al presente formulario, identificados con numeración que los refiere.
A10: TENGA EN CUENTA QUE: | AA10: GUAINIA
A12: - Identifique el tipo de autorización, los requisitos que le aplican que se encuentran descritos en el presente formulario y aportelos a la solicitud que corresponda. | AA12: GUAVIARE
A13: - Cada tipo de autorización es diferente y requiere pago independiente | AA13: VAUPES
A14: - Las etiqueta o arte final se deben presentar por presentacion comercial y/o variedad de producto ampliada, legible y visible | AA14: VICHADA
A15: -Los archivos deberan ser subidos bajo las condiciones de limite de carga de archivos publicados en el apps: Oficina virtual.
A17: AUTORIZACIONES Resolución 5109 de 2005, Resolución 333 de 2011 o Resoluciòn 810 de 2021 o aquellas que las modifiquen o sustituyan (Ver numeral 39 del Instructivo)
A19: Marque una única opción | AA19: MAGDALENA
AA20: META
B21: PRODUCTO CON REGISTRO /PERMISO / NOTIFICACION SANITARIA | AA21: NARIÑO
AA22: N. DE SANTANDER
B23: PRODUCTO SIN REGISTRO /PERMISO / NOTIFICACION SANITARIA | AA23: QUINDIO
AA24: RISARALDA
A25: TIPO DE AUTORIZACION | AA25: SANTANDER
AA27: SUCRE
G28: AUTORIZACIÓN DE ROTULADO GENERAL | AA28: TOLIMA
AA29: VALLE DEL CAUCA
G30: AUTORIZACION DE ROTULO DE INFORMACION COMPLEMENTARIA: Solo para productos importados. | AA30: ARAUCA
AA31: CASANARE
G32: AUTORIZACIÓN DE AGOTAMIENTO DE ETIQUETA Y USO DE ADHESIVOS (Ver numeral 39 del instructivo) | AA32: PUTUMAYO
AA33: SAN ANDRES
G34: AUTORIZACION DE PRESENTACION CONJUNTA (Ver numeral 10 del Instructivo de trámites) | AA34: AMAZONAS
A36: INFORMACION DE TARIFA
C38: Tipo de tramite | E38: Autorización de etiquetas o agotamiento de alimentos / De veintiún (21) etiquetas de alimentos en adelante. | J38: Descripción de la tarifa | L38: =VLOOKUP(E38,'IO3'!A53:F57,2,FALSE) -> Autorizaciones emitidas por verificación de cumplimiento de etiquetado de productos alimenticios en el marco normativo de la Resolución 5109 de 2005, Resolución 810 de 2021, Resolución 2492 de 2022 y Resolución 254 de 2023, y autorizaciones de agotamiento por incumplimiento de la normatividad en materia de etiquetado de alimentos
B42: Codigo de la Tarifa | E42: =VLOOKUP(E38,'IO3'!A53:F57,4,FALSE) -> 4002-10 | I42: UVB | J42: =VLOOKUP(E38,'IO3'!A53:F57,5,FALSE) -> 69.9
I44: Valor | J44: =VLOOKUP(E38,'IO3'!A53:F57,6,FALSE) -> 765475
A46: DATOS DEL PRODUCTO
A48: Seleccione según corresponda, y diligencie los datos correspondientes
A50: Registro Sanitario RS | I50: Permiso Sanitario RS | L50: Notificacion Sanitaria NS
A53: Código RS/PS/NS | L53: No. Expediente: | X53: N/A
A55: Nombre del producto Ver numeral (6) del Instructivo de trámites: | X55: X
A57: Marca (Ver numeral 23 del Instructivo):
A59: DATOS DEL TITULAR O INTERESADO
X60: Seleccionar
A61: Nombre o razón social: | X61: NIT | AA61: ANTIOQUIA
X62: ESCRITURA PUBLICA
X63: CEDULA DE CIUDADANIA
A64: Tipo de documento identidad:(1) | H64: NIT | K64: Nº | X64: CEDULA DE EXTRANJERIA | AA64: BOGOTA
X65: MATRICULA MERCANTIL
A66: Pais | G66: Departamento | P66: Ciudad: | AA66: BOLIVAR
AA67: BOYACA
A68: Seleccione una de las opciones
A69: Representante legal | G69: Nombres y apellidos
A70: Apoderado | G70: Tipo de documento | K70: CC. | M70: Nº
A71: Propietario | H71: Tarjeta Profesional No. | M71: Nº
A73: Dirección | M73: Pais: | AA73: ATLANTICO
A75: Notificación Electrónica: | M75: Departamento | AA75: CESAR
A77: Teléfono(s) | M77: Ciudad | AA77: CORDOBA
AA80: HUILA
A81: REQUISITOS GENERALES
A83: 1 | B83: Recibo de pago (consignacion original) o constancia de la consignación Ver numeral (3) del instructivo de Trámites
A84: 2 | B84: Memorial (Carta) de solicitud del trámite expresando lo requerido por el interesado.
A85: 3 | B85: Formulario de Información Básica y Formulario de solicitud diligenciado y firmado por el representante legal o apoderado legalmente constituido.
A86: 4 | B86: Código de inscripción de la fábrica donde elabora los productos ante el INVIMA (Ver numeral 34 Instructivo de tramites)
B88: Código de Inscripción
A90: REQUISITOS AUTORIZACION DE ROTULADO Resolucion 5109 de 2005, Resolución 810 de 2021, Resolución 2492 de 2022, Resolución 254 de 2023
A92: 1 | B92: Ver requisitos generales para el tramite de autorización en el presente formulario.
A93: 2 | B93: Etiquetas del producto que serán objeto de aprobación (Todas las presentaciones comerciales y variedades según corresponda.
A94: 3 | B94: Información descriptiva sobre la manera como el fabricante identifica el número de lote de producción y la fecha de Vencimiento.
A95: 4 | B95: Soporte nutricional del producto que sustente la tabla de información nutricional (Ver instructivo 28)
A96: 5 | B96: Información que sustente el Tamaño de la porción para alimentos sólidos, y por 100 mL de producto y por porción para alimentos líquidos , instrucciones de preparaciòn (para producto a reconstituir)
A97: 6 | B97: Resultados analìticos para el(los) nutriente(s) que tienen descriptores nutricionales, declaraciones de propiedades nutricionales o de salud en el producto. Ver numeral 29 Instructivo de tramites)
A98: PARA PRODUCTOS EXCEPTUADOS DE RSA/PSA/NSA ( (Según Articulo 37 de la Resolución 2674 de 2013)
A100: 7 | B100: Información técnica con las especificaciones establecidas en el Modelo Ficha tecnica INVIMA (Ver numerales (6 al 13) del Instructivo de Trámites)
A101: REQUISITOS AUTORIZACION INFORMACIÓN COMPLEMENTARIA Articulo 13 de la Resolución 5109 de 2005 Solo aplica para productos importados.
A103: 1 | B103: Ver requisitos generales para el tramite de autorización en el presente formulario.
A104: 2 | B104: Etiquetas del producto que serán objeto de aprobación (Todas las presentaciones comerciales y variedades según corresponda con el Rótulo complementario con las informaciones o textos a autorizar adherido en el sitio donde se utilizará (escala 1:1) o ampliada.
A105: 3 | B105: Presentar información descriptiva sobre la manera como el fabricante identifica el número de lote de producción y la fecha de Vencimiento.
A106: 4 | B106: Si utiliza información nutricional en el rotulado del producto debe aportar soporte técnico de los datos nutricionales; si realiza Declaraciones Nutricionales debe aportar reporte análitico de los nutrientes que sustentan el descriptor utilizado (Ver numeral 28 y 29 del Instructivo de tramites)
A107: PARA PRODUCTOS EXCEPTUADOS DE RSA/PSA/NSA ( (Según Articulo 37 de la Resolución 2674 de 2013)
A108: 5 | B108: Información técnica con las especificaciones establecidas en el Modelo Ficha tecnica INVIMA (Ver numerales (6 al 13) del Instructivo de Trámites)
A111: REQUISITOS AUTORIZACION AGOTAMIENTO DE ETIQUETA Y USO DE ADHESIVOS Articulo 18 de la Resolución 5109 de 2005, Resolución 2016028087 de 2016
A113: 1 | B113: Ver requisitos generales para el tramite de autorización en el presente formulario.
A114: 2 | B114: Memorial (Carta) de solicitud del trámite expresando la falencia normativa que presenta la etiqueta, en caso de uso de adhesivos indicar la informaciòn que contendrà el ròtulo, tenga en cuenta las causales de prohibiciòn de agotamientos establecidas en la Resoluciòn 2016028087 de 2016
A115: 3 | B115: Copia de etiqueta o etiquetas por variedad y/o presentación comercial (escala 1:1) o ampliada donde se presenta la falencia normativa.
A116: 4 | B116: Copia de etiqueta o etiquetas por variedad y/o presentación comercial (escala 1:1) o ampliada con el adhesivo a aprobar
A117: 5 | B117: Presentar información descriptiva sobre la manera como el fabricante identifica el número de lote de producción y la fecha de Vencimiento.
A118: 6 | B118: Si utiliza información nutricional en el rotulado del producto debe aportar soporte técnico de los datos nutricionales; si realiza Declaraciones Nutricionales debe aportar reporte análitico de los nutrientes que sustentan el descriptor utilizado (Ver numeral 28 y 29 del Instructivo de tramites)
A119: PARA PRODUCTOS EXCEPTUADOS DE RS/PS/NS (Según Articulo 47 de la Resolución 2674 de 2013) cambiar 47 por 37
A120: 7 | B120: Información técnica con las especificaciones establecidas en el Modelo Ficha tecnica INVIMA (Ver numerales (6 al 13) del Instructivo de Trámites)
A122: REQUISITOS PARA APROBACION DE PRESENTACION COMERCIAL CONJUNTA (Multiempaques) (Ver numeral 10 Instructivo de trámites)
A124: 1 | B124: Ver requisitos generales para el tramite de autorización en el presente formulario
A126: 2 | B126: Memorial de solicitud indicando el tiempo requerido para el uso de la presentación conjunta, relacionando los productos con sus correspodientes registros /permiso / notificación sanitaria y presentaciones comerciales aprobadas que serán objeto de la presentación conjunta.
A128: PARA PRODUCTOS EXCEPTUADOS DE RS/PS/NS (Según Articulo 37 de la Resolución 2674 de 2013)
A129: 3 | B129: Información técnica con las especificaciones establecidas en el Modelo Ficha tecnica INVIMA Ver numerales (6 al 13) del Instructivo de Trámites
B132: Firma: Ver numeral (18) del Instructivo de Trámites
D133: Representante Legal | K133: Apoderado
B134: CC. | J134: CC.
A135: Nombre: | J135: Nombre:
B137: ✔ | C137: c
B139: CC.
B140: CE.

Sheet CERTIFICACIONES
D1: =Instructivo!C1 -> ASEGURAMIENTO SANITARIO | J1: =Instructivo!H1 -> REGISTROS SANITARIOS Y TRAMITES ASOCIADOS | U1: √
D2: =Instructivo!C2 -> FORMATO ÚNICO DE ALIMENTOS REGISTROS SANITARIOS o PERMISO SANITARIO o NOTIFICACIÓN SANITARIA Y TRAMITES ASOCIADOS (Resolución 2674 de 2013, Resolución 3168 de 2015)
D3: =Instructivo!C3 -> Código: ASS-RSA-FM099 | I3: =Instructivo!G3 -> Versión: 08 | L3: =Instructivo!I3 -> Fecha de Emisión: 2024-06-30
A5: CERTIFICACIONES
A6: RECUERDE QUE: DEBERÁ ALLEGAR LA INFORMACIÓN EN FISICO Y EN MEDIO MAGNETICO (CD) EN FORMATO WORD Y/O EXCELL EDITABLE
A7: Presente su documentación sin tachaduras ni enmendaduras, legajada y foliada (numerada), diligencie los formularios con letra clara y legible, con tinta de color negro, en computador o máquina de escribir, verifique la normatividad sanitaria aplicable a su producto y las disposiciones establecidas en la Resolución 2674 de 2013 y Resolución 719 de 2015.
A8: TENGA EN CUENTA : Para mayor información consulte el formato "Instructivo de trámites", en donde aparece indicado como debe diligenciar este formulario en los campos que se encuentran numerados según las disposiciones contempladas en la Resolución 2674 de 2013 Artículo 37 modificado por la Resolución 3168 de 2015) | V8: √
A9: 1. DATOS GENERALES DEL TITULAR
A10: Nombre o razón social: | Z10: Amazonas
A11: Documento de Identidad(1): | I11: Cual : | O11: Nº | Z11: Antioquia
A12: Dirección: | Z12: Arauca
A13: Departamento: | G13: Ciudad: | M13: Pais: | Z13: Atlántico
A14: Calidad del titular | D14: Representante legal | J14: Apoderado | X14: NIT | Z14: Bogotá
A15: Nombre del interesado | K15: Cédula de Ciudadania No. | X15: MATRICULA MERCANTIL | Z15: Bolívar
A16: Dirección para notificación: | X16: CEDULA DE CIUDADANIA | Z16: Boyacá
A17: Departamento: | K17: Ciudad: | X17: CEDULA DE EXTRANJERIA | Z17: Caldas
A18: Email(24): | K18: Teléfono(s): | Z18: Caquetá
A19: 2. DATOS GENERALES DEL FABRICANTE | Z19: Casanare
A20: Nombre o razón social: | M20: Código de Inscripción(34) | Z20: Cauca
A21: Dirección: | Z21: Cesar
A22: Documento de Identidad(1): | I22: Cual : | O22: Nº | Z22: Chocó
A23: Dirección: | Z23: Córdoba
A24: Ciudad: | H24: Departamento: | O24: Pais | Z24: Cundinamarca
A25: Nombre del Propietario: | K25: Documento de Identidad: | Z25: Guainía
A26: 3. CERTIFICACION DE NO OBLIGATORIEDAD DE REGISTRO / PERMISO/ NOTIFICACION (Resolución 2674 de 2013 Art. 37 ) | Z26: Guaviare
A27: (Marcar una única opcion) | O27: Seleccione de la lista desplegable | Z27: Huila
Z28: La Guajira
A29: Comercialización productos SIN PROCESO DE TRANSFORMACIÓN con fines de EXPORTACION (Comercialización en Colombia y fuera de país) Ver numeral 31 del Instructivo de Trámites | Z29: Magdalena
A30: Comercialización productos SIN PROCESO DE TRANSFORMACIÓN | Z30: Meta
A31: Comercialización de productos transformados con FINES DE EXPORTACION Ver numeral (32) del instructivo de trámites | Z31: Nariño
A32: Comercialización de productos y materias primas para uso exclusivo en la INDUSTRIA DE ALIMENTOS Y EL SECTOR GASTRONOMICO | Z32: Norte de Santander
A33: Comercialización como ADITIVO ALIMENTARIO | Z33: Putumayo
Z34: Quindío
A35: 4. CERTIFICACION DE NO OBLIGATORIEDAD DE NOTIFICACION SANITARIA ( Resolución 779 de 2006) | Z35: Risaralda
B36: Seleccione de la lista desplegable de cada casilla | Z36: San Andrés y Providencia
Z37: Santander
D38: Comercialización de panela (NO SABORIZADA) | Z38: Sucre
Z39: Tolima
A40: 5. CERTIFICACION DE NO OBLIGATORIEDAD DE REGISTRO / PERMISO / NOTIFICACION según Ley 915 de 2004 Artículo 17. | Z40: Valle del Cauca
Z41: Vaupés
D42: Los alimentos producidos o importados al Puerto Libre de San Andrés y Providencia, para comercialización y consumo dentro de ese departamento.(35) | Z42: Vichada
A44: 5,1. DOCUMENTACION SOPORTE CERTIFICACIONES DE NO OBLIGATORIEDAD
A46: AVISO IMPORTANTE: Diligenciar exclusivamente la certificación que necesita. Cada numeral de CERTIFICACION DE NO OBLIGATORIEDAD es diferente y requiere pago independiente al código 4002-3.
A48: 1, Recibo de pago (consignacion original) o constancia de la consignación (certificaciones de no obligatoriedad la tarifa correspondiente al código 4002-3) Ver numeral (2) del Instructivo de trámites
A49: 2, Formulario de información básica y formulario de solicitud diligenciado y firmado por el representante legal o apoderado legalmente constituido.
A50: 3, Memorial de solicitud del trámite donde se indique la excepción que se ampara bajo la Resolución 2674 de 2013 artículo 37, si es panela no saborizada de acuerdo a la Resolución Nº 779 de 2006 y si se trata de productos alimenticios elaborados o importados en el departamento Archipiélago de San Andrés, Providencia y Santa Catalina para su comercialización dentro del Archipielago, acorde con las disposiciones establecidas en la Ley 915 de 2004.
A51: 4, Ficha Tecnica del producto modelo Invima Ver numeral (6 al 13),(25 al 27) del Instructivo de Trámites
A52: 5. Contar con la inscripción del fabricante ante la Cámara de Comercio como persona jurídica o persona natural según sea el caso Ver numeral (15) del Instructivo de trámites.
A53: 6. CERTIFICACION DE LIBRE VENTA
A54: Diligencie los datos solicitados | H54: Marque según corresponda, seleccione de la lista desplegable
A55: Expediente No. | H55: Registro Sanitario | K55: Permiso Sanitario | O55: Notificación Sanitaria
A58: Número Registro/Permiso/Notificación Sanitaria:
A59: Nombre de producto:
A60: Marca: Ver numeral (23) del Instructivo de trámites
A61: 6.1. DOCUMENTACIÓN SOPORTE CERTIFICACIONES DE VENTA LIBRE
A62: 1, Recibo de pago (consignacion original) o constancia de la consignación (CERTIFICACIONES DE VENTA LIBRE AUTOMÁTICO CON FIRMA DIGITAL, la tarifa correspondiente al código 4002-4) según corresponda Ver numeral (2) del Instructivo de trámites.
A63: 2, Formulario de información básica y formulario de solicitud diligenciado y firmado por el representante legal o apoderado legalmente constituido.
A64: 3, Memorial expecificando la solicitud del trámite.
A65: 4. Contar con la inscripción del fabricante ante la Cámara de Comercio como persona jurídica o persona natural según sea el caso Ver numeral (15) del Instructivo de trámites.
A68: Firma: (18)
C69: Representante legal | K69: Apoderado
A70: CC. | J70: CC.
A71: Nombre: | I71: Nombre:
A75: ✗

Sheet DESGLOSE
C1: =Instructivo!C1 -> ASEGURAMIENTO SANITARIO | G1: =Instructivo!H1 -> REGISTROS SANITARIOS Y TRAMITES ASOCIADOS
C2: =Instructivo!C2 -> FORMATO ÚNICO DE ALIMENTOS REGISTROS SANITARIOS o PERMISO SANITARIO o NOTIFICACIÓN SANITARIA Y TRAMITES ASOCIADOS (Resolución 2674 de 2013, Resolución 3168 de 2015)
C3: =Instructivo!C3 -> Código: ASS-RSA-FM099 | F3: =Instructivo!G3 -> Versión: 08 | H3: =Instructivo!I3 -> Fecha de Emisión: 2024-06-30
A5: FORMULARIO DE DESGLOSE
A6: Diligencie los espacios sombreados según corresponda, presente su documentación sin tachaduras ni enmendaduras, legajada y foliada (numerada), diligencie los formularios con letra clara y legible, con tinta de color negro, en computador o máquina de escribir, verifique la normatividad sanitaria aplicable a su producto y las disposiciones establecidas en la Resolución 2674 de 2013, Resolución 5109 de 2005, Resolución 333 de 2011.
A7: TENGA EN CUENTA.
A8: Para mayor información consulte el formato "Instructivo de trámites", en donde aparece indicado como debe diligenciar este formulario en los campos que se encuentran numerados según las disposiciones contempladas en la Resolución 2674 de 2013 Artículo 37 modificado por la Resolución 3168 de 2015)
A9: Recuerde que el Instituto autorizará el desglose de los documentos que reposen en el correspondiente expediente excepto el recibo de pago original.
A11: Nombre del producto (6):
A12: Marca:(23)
A14: Seleccione de la lista desplegable
A16: Registro Sanitario No. | D16: Permiso Sanitario No. | H16: Notificación Sanitaria No.
A19: Diligencie los datos según corresponda
A20: No. expediente: | F20: Número de Registro /Permiso o Notificación Sanitaria
A21: Motivo de la solicitud:
A24: Documentos a desglosar:
A27: AVISO IMPORTANTE
A28: Diligencie el Formulario de información básica y formulario de solicitud y firmado por el representante legal o apoderado legalmente constituido.
A30: Firma: (19) | D30: C.C. | F30: Firma: | I30: C.C.
B31: Representante legal | G31: Apoderado
A32: Nombre: | G32: Nombre:
A34: El presente trámite se fundamente en el artículo 13 del Código de Procedimiento Administrativo y de lo Contencioso Administrativo.
A38: ✔

Sheet PERDIDA DE FUERZA
C1: =Instructivo!C1 -> ASEGURAMIENTO SANITARIO | G1: =Instructivo!H1 -> REGISTROS SANITARIOS Y TRAMITES ASOCIADOS
C2: =Instructivo!C2 -> FORMATO ÚNICO DE ALIMENTOS REGISTROS SANITARIOS o PERMISO SANITARIO o NOTIFICACIÓN SANITARIA Y TRAMITES ASOCIADOS (Resolución 2674 de 2013, Resolución 3168 de 2015)
C3: =Instructivo!C3 -> Código: ASS-RSA-FM099 | F3: =Instructivo!G3 -> Versión: 08 | I3: =Instructivo!I3 -> Fecha de Emisión: 2024-06-30
A5: FORMULARIO DE PERDIDA DE EJECUTORIEDAD
A6: Diligencie los espacios sombreados según corresponda, presente su documentación sin tachaduras ni enmendaduras, legajada y foliada (numerada), diligencie los formularios con letra clara y legible, con tinta de color negro, en computador o máquina de escribir, verifique la normatividad sanitaria aplicable a su producto y las disposiciones establecidas en la Resolución 2674 de 2013, Resolución 5109 de 2005, Resolución 333 de 2011.
A7: TENGA EN CUENTA : Para mayor información consulte el formato "Instructivo de trámites", en donde aparece indicado como debe diligenciar este formulario en los campos que se encuentran numerados según las disposiciones contempladas en la Resolución 2674 de 2013 Artículo 37 modificado por la Resolución 3168 de 2015)
A9: Nombre del producto Ver numeral (6) Instructivo de trámites:
A10: Marca: Ver numeral (23) del Instructivo de Trámites
A12: Seleccione de la lista desplegable
A14: Registro Sanitario No. | D14: Permiso Sanitario No. | H14: Notificación Sanitaria No.
A17: Diligencie los datos según corresponda
A19: No. de Expediente: | F19: Número de Registro/Permiso o Notificación Sanitaria
A21: Motivo de la solicitud:
A24: AVISO IMPORTANTE
A25: Diligencie el Formulario de información básica y formulario de solicitud y firmado por el representante legal o apoderado legalmente constituido.
A27: Nombre | G27: Nombre:
B28: Representante Legal | I28: Apoderado
A29: Firma: (19) | G29: Firma:
A31: cc. | H31: cc.
A34: El presente trámite se fundamente en el artículo 91 del Código de Procedimiento Administrativo y de lo Contencioso Administrativo.
A42: ✔

Sheet IO3
A1: Tipo de tramite | B1: Descripcion | C1: Opciones | D1: Codigo | E1: UVB | F1: Tarifa
A2: Seleccionar de la lista
A3: Registro Sanitario Nuevo y renovacion de Alimentos de Alto Riesgo (Variedades de 1 a 10) | B3: Para productos alimenticios bajo la clasificación de alto riesgo establecida en la Resolución 719 de 2015 | C3: De 1 a 10 variedades | D3: 2100 | E3: 700.43 | F3: 7670409 | N3: Registro Sanitario Nuevo y renovacion de Alimentos de Alto Riesgo (Variedades de 1 a 10) (Mas 63,66 UVB Variedades de 11 a 20) o (Mas 169,82 UVB Variedades de 21 en adelante)
A4: Registro Sanitario Nuevo y renovacion de Alimentos de Alto Riesgo (De 11 a 20 variedades) | B4: Para productos alimenticios bajo la clasificación de alto riesgo establecida en la Resolución 719 de 2015 | C4: Desde 11 a 20 variedades | D4: 2100 | E4: 764.09 | F4: 8367550
A5: Registro Sanitario Nuevo y renovacion de Alimentos de Alto Riesgo (De 21 variedades en adelante) | B5: Para productos alimenticios bajo la clasificación de alto riesgo establecida en la Resolución 719 de 2015 | C5: Desde 21 variedades en adelante | D5: 2100 | E5: 870.25 | F5: 9530108
A6: Registro Sanitario Nuevo y renovacion de Alimentos de Alto Riesgo (Tarifa Exceptuada) (De 1 a 10 variedades) | B6: Registro Sanitario Nuevo y Renovacion de Alimentos de Alto Riesgo (Variedades de 1 a 10) (Mas 0,00 UVB Variedades de 11 a 20) o (Mas 0,00 UVB Variedades de 21 en adelante), “Aplicable a microempresas, incluyendo los pequeños productores de acuerdo con la tipificación actual en el marco del Decreto 691 de 2018. Exceptuada de pago, en el marco del parágrafo 2 del Art. 2 de Ley 2069 de 2020.” | C6: De 1 a 10 variedades | D6: 90039 | E6: 0 | F6: 0
A7: Registro Sanitario Nuevo y renovacion de Alimentos de Alto Riesgo (Tarifa Exceptuada) (De 11 a 20 variedades) | B7: Registro Sanitario Nuevo y Renovacion de Alimentos de Alto Riesgo (Variedades de 1 a 10) (Mas 0,00 UVB Variedades de 11 a 20) o (Mas 0,00 UVB Variedades de 21 en adelante), “Aplicable a microempresas, incluyendo los pequeños productores de acuerdo con la tipificación actual en el marco del Decreto 691 de 2018. Exceptuada de pago, en el marco del parágrafo 2 del Art. 2 de Ley 2069 de 2020.” | C7: Desde 11 a 20 variedades | D7: 90039 | E7: 0 | F7: 0
A8: Registro Sanitario de Alimentos (Tarifa Exceptuada) (De 21 variedades en adelante) | B8: Registro Sanitario Nuevo y Renovacion de Alimentos de Alto Riesgo (Variedades de 1 a 10) (Mas 0,00 UVB Variedades de 11 a 20) o (Mas 0,00 UVB Variedades de 21 en adelante), “Aplicable a microempresas, incluyendo los pequeños productores de acuerdo con la tipificación actual en el marco del Decreto 691 de 2018. Exceptuada de pago, en el marco del parágrafo 2 del Art. 2 de Ley 2069 de 2020.” | C8: Desde 21 variedades en adelante | D8: 90039 | E8: 0 | F8: 0
A9: Registro Sanitario de Alimentos de Alto Riesgo (Tarifa diferenciada al 40%) (De 1 a 10 variedades) | B9: Registro Sanitario de Alimentos de Alto Riesgo (Variedades de 1 a 10) (Mas 25,49 UVB Variedades de 11 a 20) o (Mas 67,95 UVB Variedades de 21 en adelante). Tarifa Diferenciada del 40% en el marco del parágrafo 1 del Art. 2 de la Ley 2069 de 2020 y del artículo 5 del Decreto 1889 de 2021. Aplicable a pequeña empresa cuyos ingresos por actividades ordinarias anuales sean superiores a Sector Manufactura 23.563 e inferiores o iguales a 84.040 UVT Sector comercio 44.769 e inferiores o iguales a 173.578 UVT Sector servicios 32.988 e inferiores o iguales a 65.976 UVT | C9: De 1 a 10 variedades | D9: 91112 | E9: 280.17 | F9: 3068142
A10: Registro Sanitario de Alimentos de Alto Riesgo (Tarifa diferenciada al 40%) (De 11 a 20 variedades) | B10: Registro Sanitario de Alimentos de Alto Riesgo (Variedades de 1 a 10) (Mas 25,49 UVB Variedades de 11 a 20) o (Mas 67,95 UVB Variedades de 21 en adelante). Tarifa Diferenciada del 40% en el marco del parágrafo 1 del Art. 2 de la Ley 2069 de 2020 y del artículo 5 del Decreto 1889 de 2021. Aplicable a pequeña empresa cuyos ingresos por actividades ordinarias anuales sean superiores a Sector Manufactura 23.563 e inferiores o iguales a 84.040 UVT Sector comercio 44.769 e inferiores o iguales a 173.578 UVT Sector servicios 32.988 e inferiores o iguales a 65.976 UVT | C10: Desde 11 a 20 variedades | D10: 91112 | E10: 305.66 | F10: 3347283
A11: Registro Sanitario de Alimentos de Alto Riesgo (Tarifa diferenciada al 40%) (De 21 variedades en adelante) | B11: Registro Sanitario de Alimentos de Alto Riesgo (Variedades de 1 a 10) (Mas 25,49 UVB Variedades de 11 a 20) o (Mas 67,95 UVB Variedades de 21 en adelante). Tarifa Diferenciada del 40% en el marco del parágrafo 1 del Art. 2 de la Ley 2069 de 2020 y del artículo 5 del Decreto 1889 de 2021. Aplicable a pequeña empresa cuyos ingresos por actividades ordinarias anuales sean superiores a Sector Manufactura 23.563 e inferiores o iguales a 84.040 UVT Sector comercio 44.769 e inferiores o iguales a 173.578 UVT Sector servicios 32.988 e inferiores o iguales a 65.976 UVT | C11: Desde 21 variedades en adelante | D11: 91112 | E11: 348.12 | F11: 3812262
A12: Registro Sanitario de Alimentos de Alto Riesgo (Tarifa diferenciada al 50%) (De 1 a 10 variedades) | B12: Registro Sanitario de Alimentos de Alto Riesgo (Variedades de 1 a 10) (Mas 31,81 UVB Variedades de 11 a 20) o (Mas 84,91 UVB Variedades de 21 en adelante). Tarifa Diferenciada del 50% en el marco del parágrafo 1 del Art. 2 de la Ley 2069 de 2020 y del artículo 5 del Decreto 1889 de 2021. Aplicable a pequeña empresa cuyos ingresos por actividades ordinarias anuales sean superiores a Sector Manufactura 84.040 e inferiores o iguales a 144.517 UVT Sector comercio 173.578 e inferiores o iguales a 302.387 UVT Sector servicios 65.976 e inferiores o iguales a 98.964 UVT | C12: De 1 a 10 variedades | D12: 91113 | E12: 350.24 | F12: 3835478
A13: Registro Sanitario de Alimentos de Alto Riesgo (Tarifa diferenciada al 50%) (De 11 a 20 variedades) | B13: Registro Sanitario de Alimentos de Alto Riesgo (Variedades de 1 a 10) (Mas 31,81 UVB Variedades de 11 a 20) o (Mas 84,91 UVB Variedades de 21 en adelante). Tarifa Diferenciada del 50% en el marco del parágrafo 1 del Art. 2 de la Ley 2069 de 2020 y del artículo 5 del Decreto 1889 de 2021. Aplicable a pequeña empresa cuyos ingresos por actividades ordinarias anuales sean superiores a Sector Manufactura 84.040 e inferiores o iguales a 144.517 UVT Sector comercio 173.578 e inferiores o iguales a 302.387 UVT Sector servicios 65.976 e inferiores o iguales a 98.964 UVT | C13: Desde 11 a 20 variedades | D13: 91113 | E13: 382.05 | F13: 4183830
A14: Registro Sanitario de Alimentos de Alto Riesgo (Tarifa diferenciada al 50%) (De 21 variedades en adelante) | B14: Registro Sanitario de Alimentos de Alto Riesgo (Variedades de 1 a 10) (Mas 31,81 UVB Variedades de 11 a 20) o (Mas 84,91 UVB Variedades de 21 en adelante). Tarifa Diferenciada del 50% en el marco del parágrafo 1 del Art. 2 de la Ley 2069 de 2020 y del artículo 5 del Decreto 1889 de 2021. Aplicable a pequeña empresa cuyos ingresos por actividades ordinarias anuales sean superiores a Sector Manufactura 84.040 e inferiores o iguales a 144.517 UVT Sector comercio 173.578 e inferiores o iguales a 302.387 UVT Sector servicios 65.976 e inferiores o iguales a 98.964 UVT | C14: Desde 21 variedades en adelante | D14: 91113 | E14: 435.15 | F14: 4765328
A15: Registro Sanitario de Alimentos de Alto Riesgo (Tarifa diferenciada al 60%) (De 1 a 10 variedades) | B15: Registro Sanitario de Alimentos de Alto Riesgo (Variedades de 1 a 10) (Mas 38,21 UVB Variedades de 11 a 20) o (Mas 101,92 UVB Variedades de 21 en adelante). Tarifa Diferenciada del 60% en el marco del parágrafo 1 del Art. 2 de la Ley 2069 de 2020 y del artículo 5 del Decreto 1889 de 2021. Aplicable a pequeña empresa cuyos ingresos por actividades ordinarias anuales sean superiores a Sector Manufactura 144.517 e inferiores o iguales a 204.995 UVT Sector comercio 302.387 e inferiores o iguales a 431.196 UVT Sector servicios 98.964 e inferiores o iguales a 131.951 UVT | C15: De 1 a 10 variedades | D15: 91114 | E15: 420.26 | F15: 4602267
... A26: Registro Sanitario de Alimentos de Alto Riesgo (Tarifa diferenciada al 90%) (De 21 variedades en adelante) | B26: Registro Sanitario de Alimentos de Alto Riesgo (Variedades de 1 a 10) (Mas 57,30 UVB Variedades de 11 a 20) o (Mas 152,85 UVB Variedades de 21 en adelante). Tarifa Diferenciada del 90% en el marco del parágrafo 1 del Art. 2 de la Ley 2069 de 2020 y del artículo 5 del Decreto 1889 de 2021. Aplicable a mediana empresa cuyos ingresos por actividades ordinarias anuales sean superiores a Sector Manufactura 1.226.041 e inferiores o iguales a 1.736.565 UVT Sector comercio 1.584.194 e inferiores o iguales a 2.160.692 UVT Sector servicios 366.007 e inferiores o iguales a 483.034 UVT | C26: Desde 21 variedades en adelante | D26: 92114 | E26: 783.26 | F26: 8577480
A27: Seleccionar de la lista
A28: Permiso Sanitario de Alimentos de Mediano Riesgo ( De 1 a 10 variedades) | B28: Permiso Sanitario Nuevo y renovacion de Alimentos de Mediano Riesgo (Variedades de 1 a 10). (Mas 56,57 UVB Variedades de 11 a 20) o (Mas 162,69 UVB Variedades de 21 en adelante). | C28: De 1 a 10 variedades | D28: 2200 | E28: 523.58 | F28: 5733725
A29: Permiso Sanitario de Alimentos de Mediano Riesgo (Desde 11 a 20 variedades) | B29: Permiso Sanitario Nuevo y renovacion de Alimentos de Mediano Riesgo (Variedades de 1 a 10). (Mas 56,57 UVB Variedades de 11 a 20) o (Mas 162,69 UVB Variedades de 21 en adelante). | C29: Desde 11 a 20 variedades | D29: 2200 | E29: 580.15 | F29: 6353223
A30: Permiso Sanitario de Alimentos de Mediano Riesgo (Desde 21 variedades en adelante) | B30: Permiso Sanitario Nuevo y renovacion de Alimentos de Mediano Riesgo (Variedades de 1 a 10). (Mas 56,57 UVB Variedades de 11 a 20) o (Mas 162,69 UVB Variedades de 21 en adelante). | C30: Desde 21 variedades en adelante | D30: 2200 | E30: 686.27 | F30: 7515343
A31: Permiso Sanitario de Alimentos de Mediano Riesgo ( De 1 a 10 variedades) Tarifa Exceptuada | B31: Aplicable a las microempresas definidas en el Decreto 957 de 2019 o la norma que lo modifique o sustituya y las cooperativas, las asociaciones mutuales y las asociaciones agropecuarias, étnicas y campesinas. Exceptuada de pago, en el marco de la resolución 2128 del 2023 “Por la cual se reglamenta el parágrafo 2° del artículo 9° de la Ley 399 de 1997 modificado por el artículo 2° de la Ley 2069 de 2020”. | C31: De 1 a 10 variedades | D31: 90140 | E31: 0 | F31: 0
A32: Permiso Sanitario de Alimentos de Mediano Riesgo (Desde 11 a 20 variedades) Tarifa Exceptuada | B32: Aplicable a las microempresas definidas en el Decreto 957 de 2019 o la norma que lo modifique o sustituya y las cooperativas, las asociaciones mutuales y las asociaciones agropecuarias, étnicas y campesinas. Exceptuada de pago, en el marco de la resolución 2128 del 2023 “Por la cual se reglamenta el parágrafo 2° del artículo 9° de la Ley 399 de 1997 modificado por el artículo 2° de la Ley 2069 de 2020”. | C32: Desde 11 a 20 variedades | D32: 90140 | E32: 0 | F32: 0
A33: Permiso Sanitario de Alimentos de Mediano Riesgo (Desde 21 variedades en adelante) Tarifa Exceptuada | B33: Aplicable a las microempresas definidas en el Decreto 957 de 2019 o la norma que lo modifique o sustituya y las cooperativas, las asociaciones mutuales y las asociaciones agropecuarias, étnicas y campesinas. Exceptuada de pago, en el marco de la resolución 2128 del 2023 “Por la cual se reglamenta el parágrafo 2° del artículo 9° de la Ley 399 de 1997 modificado por el artículo 2° de la Ley 2069 de 2020”. | C33: Desde 21 variedades en adelante | D33: 90140 | E33: 0 | F33: 0
A35: Seleccionar de la lista
A36: Notificación Sanitaria nueva y renovación de Alimentos "NSA" de Bajo Riesgo (De 1 a 10 variedades) | B36: Notificación Sanitaria Nueva y renovacion de Alimentos "NSA" de Bajo Riesgo (variedades de 1 a 10). (Mas 35.37 UVB Variedades de 11 a 20) o (Mas 109,63 UVB Variedades de 21 en adelante) | C36: De 1 a 10 variedades | D36: 2300 | E36: 350.24 | F36: 3835478
A37: Notificación Sanitaria nueva y renovación de Alimentos "NSA" de Bajo Riesgo (Desde 11 a 20 variedades) | B37: Notificación Sanitaria Nueva y renovacion de Alimentos "NSA" de Bajo Riesgo (variedades de 1 a 10). (Mas 35.37 UVB Variedades de 11 a 20) o (Mas 109,63 UVB Variedades de 21 en adelante) | C37: Desde 11 a 20 variedades | D37: 2300 | E37: 385.61 | F37: 4222815
A38: Notificación Sanitaria nueva y renovación de Alimentos "NSA" de Bajo Riesgo (Desde 21 variedades en adelante) | B38: Notificación Sanitaria Nueva y renovacion de Alimentos "NSA" de Bajo Riesgo (variedades de 1 a 10). (Mas 35.37 UVB Variedades de 11 a 20) o (Mas 109,63 UVB Variedades de 21 en adelante) | C38: Desde 21 variedades en adelante | D38: 2300 | E38: 459.87 | F38: 5036036
A39: Notificación Sanitaria de Alimentos "NSA" de Bajo Riesgo (De 1 a 10 variedades) Tarifa Exceptuada | B39: Aplicable a microempresas, incluyendo los pequeños productores de acuerdo con la tipificación actual en el marco del Decreto 691 de 2018 y a las microempresas definidas en el Decreto 957 de 2019 o la norma que lo modifique o sustituya y las cooperativas, las asociaciones mutuales y las asociaciones agropecuarias, étnicas y campesinas. Exceptuada de pago, en el marco del parágrafo 2 del Art. 2 de Ley 2069 de 2020 y de la Resolución 2128 del 2023. | C39: De 1 a 10 variedades | D39: 90141 | E39: 0 | F39: 0
A40: Notificación Sanitaria de Alimentos "NSA" de Bajo Riesgo (Desde 11 a 20 variedades) Tarifa Exceptuada | B40: Aplicable a microempresas, incluyendo los pequeños productores de acuerdo con la tipificación actual en el marco del Decreto 691 de 2018 y a las microempresas definidas en el Decreto 957 de 2019 o la norma que lo modifique o sustituya y las cooperativas, las asociaciones mutuales y las asociaciones agropecuarias, étnicas y campesinas. Exceptuada de pago, en el marco del parágrafo 2 del Art. 2 de Ley 2069 de 2020 y de la Resolución 2128 del 2023. | C40: Desde 11 a 20 variedades | D40: 90141 | E40: 0 | F40: 0
A41: Notificación Sanitaria de Alimentos "NSA" de Bajo Riesgo (Desde 21 variedades en adelante) Tarifa Exceptuada | B41: Aplicable a microempresas, incluyendo los pequeños productores de acuerdo con la tipificación actual en el marco del Decreto 691 de 2018 y a las microempresas definidas en el Decreto 957 de 2019 o la norma que lo modifique o sustituya y las cooperativas, las asociaciones mutuales y las asociaciones agropecuarias, étnicas y campesinas. Exceptuada de pago, en el marco del parágrafo 2 del Art. 2 de Ley 2069 de 2020 y de la Resolución 2128 del 2023. | C41: Desde 21 variedades en adelante | D41: 90141 | E41: 0 | F41: 0
A42: Seleccionar de la lista
A43: Modificaciones Automáticas / Máximo dos (2) cambios. | B43: Los cambios o actualizaciones a las autorizaciones de comercialización para productos alimenticios, conforme con el artículo 43 de la Resolución 2674 de 2013, Resolución 3168 de 2015 y Resolución número 2021032459 de agosto de 2021 de carácter técnico o legal (Mas 1.10 UVT entre 3 a 8 cambios técnicos) o (Mas 2.68 UVT entre 9 a 14 cambios técnicos) o (Mas 4.52 UVT entre 15 o más cambios técnicos) | C43: 4001-32 | D43: 59.63 | E43: 653008
A44: Modificaciones Automáticas / Entre tres (3) y ocho (8) cambios | B44: Los cambios o actualizaciones a las autorizaciones de comercialización para productos alimenticios, conforme con el artículo 43 de la Resolución 2674 de 2013, Resolución 3168 de 2015 y Resolución número 2021032459 de agosto de 2021 de carácter técnico o legal (Mas 1.10 UVT entre 3 a 8 cambios técnicos) o (Mas 2.68 UVT entre 9 a 14 cambios técnicos) o (Mas 4.52 UVT entre 15 o más cambios técnicos) | C44: 4001-32 | D44: 64.3 | E44: 704149
A45: Modificaciones Automáticas / Entre nueve (9) y catorce (14) cambios | B45: Los cambios o actualizaciones a las autorizaciones de comercialización para productos alimenticios, conforme con el artículo 43 de la Resolución 2674 de 2013, Resolución 3168 de 2015 y Resolución número 2021032459 de agosto de 2021 de carácter técnico o legal (Mas 1.10 UVT entre 3 a 8 cambios técnicos) o (Mas 2.68 UVT entre 9 a 14 cambios técnicos) o (Mas 4.52 UVT entre 15 o más cambios técnicos) | C45: 4001-32 | D45: 71 | E45: 777521
A46: Modificaciones Automáticas / Entre quince (15) o más cambios | B46: Los cambios o actualizaciones a las autorizaciones de comercialización para productos alimenticios, conforme con el artículo 43 de la Resolución 2674 de 2013, Resolución 3168 de 2015 y Resolución número 2021032459 de agosto de 2021 de carácter técnico o legal (Mas 1.10 UVT entre 3 a 8 cambios técnicos) o (Mas 2.58 UVT entre 9 a 14 cambios técnicos) o (Mas 4.52 UVT entre 15 o más cambios técnicos) | C46: 4001-32 | D46: 78.8 | E46: 862939
A47: Modificaciones Automáticas de Alimentos (Tarifa Exceptuada) / Máximo dos (2) cambios. | B47: “Aplicable a microempresas, incluyendo los pequeños productores de acuerdo con la tipificación actual en el marco del Decreto 691 de 2018. Exceptuada de pago, en el marco del parágrafo 2 del Art. 2 de Ley 2069 de 2020”, | C47: 90112 | D47: 0 | E47: 0
A48: Modificaciones Automáticas de Alimentos (Tarifa Exceptuada) / Entre tres (3) y ocho (8) cambios | B48: “Aplicable a microempresas, incluyendo los pequeños productores de acuerdo con la tipificación actual en el marco del Decreto 691 de 2018. Exceptuada de pago, en el marco del parágrafo 2 del Art. 2 de Ley 2069 de 2020”, | C48: 90112 | D48: 0 | E48: 0
A49: Modificaciones Automáticas de Alimentos (Tarifa Exceptuada) / Entre nueve (9) y catorce (14) cambios | B49: “Aplicable a microempresas, incluyendo los pequeños productores de acuerdo con la tipificación actual en el marco del Decreto 691 de 2018. Exceptuada de pago, en el marco del parágrafo 2 del Art. 2 de Ley 2069 de 2020”, | C49: 90112 | D49: 0 | E49: 0
A50: Modificaciones Automáticas de Alimentos (Tarifa Exceptuada) / Entre quince (15) o más cambios | B50: “Aplicable a microempresas, incluyendo los pequeños productores de acuerdo con la tipificación actual en el marco del Decreto 691 de 2018. Exceptuada de pago, en el marco del parágrafo 2 del Art. 2 de Ley 2069 de 2020”, | C50: 90112 | D50: 0 | E50: 0
A51: Modificación Automática Legal de registro, permiso y notificación sanitaria de alimentos, | B51: Relacionadas únicamente con cambios en el nombre o razón social, dirección, domicilio, cesiones, adiciones o exclusiones de titulares, fabricantes, envasadores e importadores y cambios de modalidad, Aplicable a microempresas, incluyendo los pequeños productores de acuerdo con la tipificación actual en el marco del Decreto 691 de 2018 y a las microempresas definidas en el Decreto 957 de 2019 o la norma que lo modifique o sustituya y las cooperativas, las asociaciones mutuales y las asociaciones agropecuarias, étnicas y campesinas. Exceptuada de pago, en el marco del parágrafo 2 del Art. 2 de Ley 2069 de 2020 y de la Resolución 2128 del 2023. | C51: 90111 | D51: 0 | E51: 0
A52: Seleccionar de la lista
A53: Autorización de etiquetas o agotamiento de alimentos / Hasta cinco (5) etiquetas de alimentos | B53: Autorizaciones emitidas por verificación de cumplimiento de etiquetado de productos alimenticios en el marco normativo de la Resolución 5109 de 2005, Resolución 810 de 2021, Resolución 2492 de 2022 y Resolución 254 de 2023, y autorizaciones de agotamiento por incumplimiento de la normatividad en materia de etiquetado de alimentos | C53: Hasta cinco (5) etiquetas de alimentos | D53: 4002-10 | E53: 45.81 | F53: 501665
A54: Autorización de etiquetas o agotamiento de alimentos / De seis (6) hasta diez (10) etiquetas de alimentos | B54: Autorizaciones emitidas por verificación de cumplimiento de etiquetado de productos alimenticios en el marco normativo de la Resolución 5109 de 2005, Resolución 810 de 2021, Resolución 2492 de 2022 y Resolución 254 de 2023, y autorizaciones de agotamiento por incumplimiento de la normatividad en materia de etiquetado de alimentos | C54: De seis (6) hasta diez (10) etiquetas de alimentos | D54: 4002-10 | E54: 48.48 | F54: 530904
A55: Autorización de etiquetas o agotamiento de alimentos / De once (11) hasta quince (15) etiquetas de alimentos | B55: Autorizaciones emitidas por verificación de cumplimiento de etiquetado de productos alimenticios en el marco normativo de la Resolución 5109 de 2005, Resolución 810 de 2021, Resolución 2492 de 2022 y Resolución 254 de 2023, y autorizaciones de agotamiento por incumplimiento de la normatividad en materia de etiquetado de alimentos | C55: De once (11) hasta quince (15) etiquetas de alimentos | D55: 4002-10 | E55: 51.87 | F55: 568028
A56: Autorización de etiquetas o agotamiento de alimentos / De dieciséis (16) hasta veinte (20) etiquetas de alimentos | B56: Autorizaciones emitidas por verificación de cumplimiento de etiquetado de productos alimenticios en el marco normativo de la Resolución 5109 de 2005, Resolución 810 de 2021, Resolución 2492 de 2022 y Resolución 254 de 2023, y autorizaciones de agotamiento por incumplimiento de la normatividad en materia de etiquetado de alimentos | C56: De dieciséis (16) hasta veinte (20) etiquetas de alimentos | D56: 4002-10 | E56: 55.22 | F56: 604714
A57: Autorización de etiquetas o agotamiento de alimentos / De veintiún (21) etiquetas de alimentos en adelante. | B57: Autorizaciones emitidas por verificación de cumplimiento de etiquetado de productos alimenticios en el marco normativo de la Resolución 5109 de 2005, Resolución 810 de 2021, Resolución 2492 de 2022 y Resolución 254 de 2023, y autorizaciones de agotamiento por incumplimiento de la normatividad en materia de etiquetado de alimentos | C57: De veintiún (21) etiquetas de alimentos en adelante. | D57: 4002-10 | E57: 69.9 | F57: 765475
B61: Seleccione
B62: FABRICAR Y VENDER
B63: FABRICAR, ENVASAR Y VENDER
B64: ENVASAR/EMPACAR Y VENDER
B65: IMPORTAR Y VENDER
B66: IMPORTAR, ENVASAR/EMPACAR Y VENDER

Sheet Hoja1
F7: Seleccione
F8: FABRICAR Y VENDER
F9: FABRICAR, ENVASAR Y VENDER
F10: ENVASAR/EMPACAR Y VENDER
F11: IMPORTAR Y VENDER
F12: IMPORTAR, ENVASAR/EMPACAR Y VENDER
